 Dungeon Crawl Stone Soup version 0.31-a0-174-g85c54bcb58 (webtiles) character file.

Game seed: 14400458746424035314

132403 qw the Severer (level 17, -1/108 HPs)
             Began as a Gargoyle Fighter on June 15, 2023.
             Was a High Priest of Okawaru.
             Slain by a naga warrior
             ... wielding a +0 hand axe
              (31 damage)
             ... on level 2 of the Snake Pit.
             The game lasted 00:16:09 (23292 turns).

qw the Severer (Gargoyle Fighter)                  Turns: 23292, Time: 00:16:09

Health: -1/108     AC: 49    Str: 28    XL:     17   Next: 12%
Magic:  21/24      EV: 20    Int:  9    God:    Okawaru [*****.]
Gold:   40         SH: 22    Dex:  9    Spells: 16/16 levels left

rFire   . . .        Y - +4 broad axe (venom)
rCold   . . .        o - +2 tower shield {AC+3}
rNeg    + . .        D - +0 plate armour
rPois   inf          e - +2 helmet
rElec   +            C - +2 cloak
rCorr   .            x - +2 pair of gloves
SInv    .            E - +2 pair of boots {rampage}
Will    +....        a - amulet of regeneration Stlth
                     z - +5 ring of evasion
HPRegen 1.18/turn    u - +5 ring of evasion
MPRegen 0.19/turn

%: rampage
@: heroic, untranslocatable, flying, slowed, very slow
A: sickness immunity, AC +12, big wings, negative energy resistance 1,
electricity resistance, torment resistance 1, petrification resistance
a: Renounce Religion, Heroism, Finesse, Duel


You were on level 2 of the Snake Pit.
You worshipped Okawaru.
Okawaru was extremely pleased with you.
You visited 5 branches of the dungeon, and saw 25 of its levels.
You visited 1 bazaar.

You collected 2503 gold pieces.
You spent 2463 gold pieces at shops.


Innate Abilities, Weirdness & Mutations

You are immune to sickness and miasma.
Your stone body is resilient. (AC +12)
You are immune to poison.
Your large and strong wings let you fly.
You resist negative energy. (rN+)
You are resistant to electric shocks. (rElec)
You are resistant to unholy torment.
You are immune to petrification.


   Skills:
 - Level 13.0(18.0) Fighting
 - Level 17.0(22.0) Axes
 - Level 7.2(12.2) Throwing
 - Level 12.9(17.9) Armour
 - Level 3.0(8.0) Dodging
 + Level 15.4(20.4) Shields
 - Level 10.0 Invocations


You had 16 spell levels left.
You didn't know any spells.
Your spell library was empty.

Inventory:

Hand Weapons
 f - a +6 war axe of flaming
 Y - a +4 broad axe of venom (weapon)
Missiles
 b - 3 silver boomerangs (quivered)
 B - 4 boomerangs
Armour
 c - the +0 ring mail of Uskayaw's Hatred {rPois Regen+ rCorr Str-2}
   (You bought it in a shop on level 2 of the Orcish Mines)

   Str:       It affects your strength (-2).
   rPois:     It protects you from poison.
   Regen:     It increases your rate of health regeneration.
   rCorr:     It protects you from acid and corrosion.
 e - a +2 helmet (worn)
 o - a +2 tower shield of protection (worn)
 x - a +2 pair of gloves (worn)
 A - a +2 scale mail of fire resistance
 C - a +2 cloak (worn)
 D - a +0 plate armour (worn)
 E - a +2 pair of boots of rampaging (worn)
Jewellery
 a - an amulet of regeneration (around neck)
 k - a ring of fire
 n - a ring of resist corrosion
 p - a ring of ice
 q - a ring of resist corrosion
 u - a +5 ring of evasion (right hand)
 y - a ring of protection from fire
 z - a +5 ring of evasion (left hand)
Wands
 m - a wand of digging (9)
Scrolls
 g - 14 scrolls of identify
Potions
 d - 3 potions of might
 h - 2 potions of cancellation
 i - 4 potions of curing
 j - 2 potions of resistance
 l - 7 potions of attraction
 s - 7 potions of lignification
 t - 4 potions of mutation
 v - 3 potions of haste
 w - 2 potions of heal wounds
 G - a potion of magic

Dungeon Overview and Level Annotations

Branches:
Dungeon (15/15)            Temple (1/1) D:5            Lair (5/5) D:8
  Swamp (0/4) Lair:3        Snake (2/4) Lair:2        Slime (0/5) Lair:4
    Orc (2/2) D:11            Elf (0/3) Orc:2        Vaults (0/5) D:13
 Depths (0/4) D:15

Altars:
Ashenzari
Cheibriados
Dithmenos
Elyvilon
Fedhas
Gozag
Hepliaklqana
Kikubaaqudgha
Makhleb
Nemelex Xobeh
Okawaru
Qazlal
Ru
Sif Muna
Trog
Uskayaw
Vehumet
Wu Jian
Xom
Yredelemnul
Zin
The Shining One

Shops:
D:4 (   D:6 [   D:10 ?   D:11 =   Orc:1 [   Orc:2 ?!:[

Portals:
Hell: Lair:5
Bazaar: Snake:2

Annotations:
D:8 1 runed translucent door, qw's ghost, novice GrFi
D:11 2 runed translucent doors


Message History

The naga warrior barely misses you. You block the nagaraja's attack.
The guardian serpent barely misses you.
The nagaraja shouts!
You slice the naga warrior!!
The naga warrior looks as sick as possible!
The naga warrior is severely wounded.
You barely miss the naga warrior. You miss the guardian serpent.
You slash the nagaraja! You slash the naga mage! You slash the nagaraja!
The nagaraja casts a spell at you. The poison arrow misses you.
The poison arrow hits the nagaraja!!
The nagaraja partially resists.
The nagaraja looks as sick as possible!
You block the guardian serpent's attack.
The naga mage misses you. You block the naga warrior's attack.
You block the nagaraja's attack. The naga warrior barely misses you.
The naga warrior constricts you.
The guardian serpent coils itself and waves its upper body at you.
The nagaraja blinks!
The naga mage blinks!
You slash the naga warrior!
The naga warrior is almost dead.
You hit the naga warrior. You slash the guardian serpent!
The guardian serpent looks as sick as possible!
You slash the nagaraja!
The nagaraja looks as sick as possible!
You hit the naga mage but do no damage.
The naga mage is poisoned.
You hit the nagaraja.
The nagaraja is poisoned.
You slash the naga mage!
You kill the naga mage!
Okawaru accepts your kill.
You slash the nagaraja!
You kill the naga warrior!
Okawaru accepts your kill.
The guardian serpent closely misses you.
The naga mage spits poison at you. You block the splash of poison.
The nagaraja spits poison at you. You block the splash of poison.
The nagaraja hits you but does no damage.
You block the nagaraja's attack. The guardian serpent hits you.
The naga mage gestures at the naga warrior while chanting.
The naga warrior seems to grow toxic.
The naga warrior hits you with a +0 hand axe!!
You die...

...........####...<....?#
....#......## #.........#
#.!.......................
.....#....#######....#####
...#.#....# ####...###.
...#....### #....###...
#.........####.####.....
.#...#..#.#.).%NN)...~~~
.#?.........)..S@)ยค.~~..
....##......)).NNN..~...
###.####........S...~~..
#.. ###...........~~~ ###
##....####..... #.
#..#...####... .#
##..........###.
.##.!####.###..$#######
...# ... ##.......##..


You could see 3 nagarajas, a naga warrior (strong, curare, catching breath), 2
guardian serpents and a naga mage (fast, strong, very poisoned, catching
breath).

Vanquished Creatures
  Jorgrun (D:14)
  Agnes (D:14)
  A nagaraja (Snake:2)
  Aizul (Snake:1)
  An ironbound preserver (D:13)
  A stone giant (D:15)
  An ettin (Orc:2)
  10 hydras
  An ogre mage (D:15)
  5 anacondas
  6 boulder beetles
  8 centaur warriors
  2 catoblepae
  11 naga warriors
  4 death yaks (Lair:5)
  10 two-headed ogres
  3 orc high priests (Orc:2)
  6 shock serpents
  7 naga sharpshooters
  A sun demon (Lair:5)
  A fire crab (Lair:5)
  A skyshark (Lair:4)
  Lodul (D:14)
  2 naga ritualists (Snake:1)
  A bog body (Lair:3)
  An obsidian statue (Snake:1)
  A lindwurm (Lair:5)
  4 orc knights (Orc:2)
  4 deep elf pyromancers
  A wizard (D:15)
  4 orc sorcerers
  5 mana vipers
  2 manticores
  7 ugly things
  6 salamanders (Snake:1)
  10 cyclopes
  Maurice (Orc:1)
  4 elephants (Lair:2)
  24 black mambas
  2 gargoyles
  3 guardian serpents
  7 naga magi
  A black mamba (shapeshifter) (D:13)
  12 cane toads
  A smoke demon (Lair:5)
  A torpor snail (Lair:1)
  3 orange demons (Lair:5)
  An unseen horror (D:12)
  A kobold demonologist (D:10)
  7 komodo dragons
  A komodo dragon (shapeshifter) (D:15)
  5 rime drakes
  2 tengu conjurers (D:11)
  An efreet (D:13)
  3 red devils (Lair:5)
  3 meliai (D:14)
  A queen bee (shapeshifter) (D:11)
  7 trolls
  22 blink frogs
  Prince Ribbit (D:6)
  2 polar bears
  A jumping spider (shapeshifter) (D:14)
  A centaur simulacrum (D:14)
  24 slime creatures
  2 shadows
  A vampire (D:13)
  5 basilisks
  59 yaks
  6 wyverns
  4 wraiths
  A steam dragon (D:8)
  6 vampire mosquitoes
  2 swamp worms (Lair:2)
  6 wargs
  17 nagas
  A two-headed ogre zombie (D:11)
  16 water moccasins
  Duvessa (D:5)
  2 acid dragons (D:10)
  3 hell hounds (Lair:5)
  2 ice beasts
  17 orc warriors
  A meliai simulacrum (D:14)
  A sky beast (D:7)
  4 black bears
  12 ogres
  A boggart (D:11)
  10 wolves
  22 centaurs
  3 phantoms
  A kobold brigand (D:6)
  20 bullfrogs
  3 scorpions
  8 wights
  2 troll zombies (D:11)
  Dowan (D:5)
  3 killer bees (D:8)
  4 howler monkeys
  2 lava snakes (D:11)
  20 orc priests
  3 jellies
  6 hounds
  Terence (D:2)
  4 iguanas
  Ijyb (D:5)
  28 orc wizards
  5 ogre zombies (D:11)
  4 adders
  A gnoll (D:1)
  A shadow imp (D:7)
  A white imp (D:7)
  2 ufetubi
  A worm (D:3)
  A dart slug (D:3)
  71 orcs
  12 ball pythons
  5 bats
  6 endoplasms
  3 giant cockroaches
  5 goblins
  7 hobgoblins
  9 jackals
  8 kobolds
  3 quokkas
  3 training dummies (D:4)
  5 frilled lizards
  2 goblin skeletons (D:11)
  5 goblin zombies (D:11)
  A hobgoblin skeleton (D:11)
  A hobgoblin zombie (D:11)
  8 orc skeletons (D:11)
  8 orc zombies (D:11)
  5 rats
769 creatures vanquished.

Vanquished Creatures (others)
  A wizard (Lair:5)
  A guardian serpent (Snake:1)
2 creatures vanquished.

Grand Total: 771 creatures vanquished

Notes
Turn   | Place    | Note
-------+----------+-------------------------------------------
     0 | D:1      | qw the Gargoyle Fighter began the quest for the Orb.
     0 | D:1      | Reached XP level 1. HP: 14/14 MP: 1/1
     0 | D:1      | 0 ||| qw: Version: 0.2-a-29-g511e9b1
     0 | D:1      | 0 ||| qw: Game counter: 5323
     0 | D:1      | 0 ||| qw: Always use a shield: true
     0 | D:1      | 0 ||| qw: God list: Okawaru
     0 | D:1      | 0 ||| qw: Allow faded altars: false
     0 | D:1      | 0 ||| qw: Do Orc after D:15 true
     0 | D:1      | 0 ||| qw: Do second Lair branch before Depths: true
     0 | D:1      | 0 ||| qw: Lair rune preference: random
     0 | D:1      | 0 ||| qw: Plans: Normal, Zot:1-4, Slime:5, God:TSO, Crypt,
                  | Tomb, Abyss, Pan, Hells, Win
     0 | D:1      | 0 ||| PLANNING D:1-11
    31 | D:1      | 31 ||| Stepping ~*~*~tactically~*~*~ (stealth).
    36 | D:1      | Reached skill level 2 in Axes
    86 | D:1      | Reached XP level 2. HP: 19/19 MP: 2/2
   151 | D:1      | 151 ||| Stepping ~*~*~tactically~*~*~ (hiding).
   158 | D:1      | Reached skill level 3 in Axes
   158 | D:1      | Reached XP level 3. HP: 12/23 MP: 3/3
   515 | D:1      | Found a faded altar of an unknown god.
   705 | D:1      | You fall into a shaft and drop 1 floor!
   723 | D:2      | Noticed a scorpion
   733 | D:2      | Killed a scorpion
   734 | D:2      | Reached skill level 4 in Axes
   734 | D:2      | Reached XP level 4. HP: 27/28 MP: 4/4
   880 | D:2      | 880 ||| DROPPING +0 club.
   955 | D:2      | Noticed Terence
   967 | D:2      | Killed Terence
   968 | D:2      | Reached XP level 5. HP: 13/32 MP: 5/5
  1085 | D:2      | 1085 ||| UPGRADING to +1 scale mail of willpower.
  1095 | D:2      | 1095 ||| DROPPING +0 scale mail.
  1096 | D:2      | 1096 ||| UPGRADING to amulet of guardian spirit.
  1101 | D:2      | 1101 ||| UPGRADING to ring of protection from fire.
  1102 | D:2      | 1102 ||| READING scroll labelled JEDGHAGRAYL.
  1106 | D:2      | 1106 ||| READING 5 scrolls labelled NONOTY CEASEJ.
  1107 | D:2      | 1107 ||| READING scroll labelled ZINAGYK YNATUPH.
  1108 | D:2      | 1108 ||| READING scroll labelled UPHOGU TIUZO.
  1109 | D:2      | 1109 ||| DRINKING 2 metallic brown potions.
  1110 | D:2      | 1110 ||| READING 4 scrolls of identify.
  1110 | D:2      | 1110 ||| IDENTIFYING emerald potion
  1111 | D:2      | 1111 ||| READING 3 scrolls of identify.
  1111 | D:2      | 1111 ||| IDENTIFYING fuming red potion
  1112 | D:2      | 1112 ||| READING 2 scrolls of identify.
  1112 | D:2      | 1112 ||| IDENTIFYING sedimented purple potion
  1113 | D:2      | 1113 ||| DROPPING potion of invisibility.
  1114 | D:2      | 1114 ||| DROPPING potion of degeneration.
  1464 | D:2      | 1464 ||| READING scroll labelled BIOLAG QASHREP.
  1465 | D:2      | 1465 ||| READING scroll labelled PUTABL ORGHOIT.
  1485 | D:2      | 1485 ||| READING scroll labelled HOEXAU AHISISEH.
  1506 | D:3      | Reached skill level 5 in Axes
  1625 | D:3      | Reached XP level 6. HP: 36/38 MP: 4/6
  1658 | D:3      | Identified the +12 spear of the Swamp {antimagic, Str+3
                  | Int+3}
  1753 | D:3      | 1753 ||| Stepping ~*~*~tactically~*~*~ (stealth).
  1755 | D:3      | 1755 ||| Stepping ~*~*~tactically~*~*~ (stealth).
  1850 | D:3      | Found a blossoming altar of Fedhas.
  1969 | D:3      | Found an ornate altar of the Wu Jian Council.
  2050 | D:3      | 2050 ||| Stepping ~*~*~tactically~*~*~ (hiding).
  2169 | D:3      | 2169 ||| UPGRADING to +0 helmet.
  2174 | D:3      | 2174 ||| UPGRADING to +0 chain mail.
  2184 | D:3      | 2184 ||| DROPPING +1 scale mail of willpower.
  2185 | D:3      | 2185 ||| UPGRADING to +0 pair of boots.
  2190 | D:3      | 2190 ||| UPGRADING to amulet of regeneration.
  2200 | D:3      | 2200 ||| DROPPING amulet of guardian spirit.
  2201 | D:3      | 2201 ||| UPGRADING to ring of resist corrosion.
  2202 | D:3      | 2202 ||| DROPPING ring of magical power.
  2203 | D:3      | 2203 ||| READING scroll labelled RALUFU CAMEO.
  2204 | D:3      | 2204 ||| READING scroll labelled XEIVAH PONIFIRR.
  2205 | D:3      | 2205 ||| DRINKING 2 lumpy yellow potions.
  2206 | D:3      | 2206 ||| READING 2 scrolls of identify.
  2206 | D:3      | 2206 ||| IDENTIFYING amethyst potion
  2275 | D:4      | Noticed a black bear
  2286 | D:4      | Killed a black bear
  2301 | D:4      | 2301 ||| DROPPING +0 whip of electrocution.
  2351 | D:4      | Found a glowing golden altar of the Shining One.
  2405 | D:4      | Reached skill level 1 in Throwing
  2416 | D:4      | Reached skill level 6 in Axes
  2416 | D:4      | Reached XP level 7. HP: 43/43 MP: 7/7
  2449 | D:4      | 2449 ||| Stepping ~*~*~tactically~*~*~ (water).
  2453 | D:4      | Reached skill level 1 in Dodging
  2462 | D:4      | 2462 ||| DROPPING +2 whip of electrocution.
  2486 | D:4      | 2486 ||| Stepping ~*~*~tactically~*~*~ (stealth).
  2487 | D:4      | 2487 ||| Stepping ~*~*~tactically~*~*~ (stealth).
  2488 | D:4      | 2488 ||| Stepping ~*~*~tactically~*~*~ (stealth).
  2500 | D:4      | Found Ushoyceu's Firing Range.
  2814 | D:4      | 2814 ||| UPGRADING to +4 ring of slaying {mikee}.
  2816 | D:4      | 2816 ||| UPGRADING to ring of protection from fire.
  2818 | D:4      | 2818 ||| READING scroll labelled JAASOBR MUEDEA.
  2819 | D:4      | 2819 ||| DRINKING 2 clear potions.
  2822 | D:5      | Entered Level 5 of the Dungeon
  2845 | D:5      | Noticed Dowan
  2845 | D:5      | Noticed Duvessa
  2855 | D:5      | Killed Dowan
  2858 | D:5      | HP: 8/43 [Duvessa/+0 short sword (14)]
  2859 | D:5      | 2859 ||| READING 3 scrolls of teleportation.
  2860 | D:5      | 2860 ||| DRINKING potion of heal wounds.
  2862 | D:5      | Killed Duvessa
  2895 | D:5      | Reached skill level 7 in Axes
  2895 | D:5      | Found a staircase to the Ecumenical Temple.
  2896 | D:5      | 2896 ||| PLANNING TEMPLE
  2902 | Temple   | Entered the Ecumenical Temple
  2946 | Temple   | 2946 ||| PLANNING OKAWARU WORSHIP
  2961 | Temple   | Became a worshipper of Warmaster Okawaru
  2962 | Temple   | 2962 ||| PLANNING D:1-11
  3045 | D:5      | 3045 ||| READING 3 scrolls of enchant weapon.
  3045 | D:5      | 3045 ||| ENCHANTING +1 war axe.
  3046 | D:5      | 3046 ||| READING 2 scrolls of enchant weapon.
  3046 | D:5      | 3046 ||| ENCHANTING +2 war axe.
  3047 | D:5      | 3047 ||| READING scroll of enchant weapon.
  3047 | D:5      | 3047 ||| ENCHANTING +3 war axe.
  3134 | D:5      | Identified the +3 long sword of the Hurling Butterfly
                  | {drain, Str+5 Stlth-}
  3166 | D:5      | Reached XP level 8. HP: 49/49 MP: 8/8
  3174 | D:5      | Noticed Ijyb
  3175 | D:5      | 3175 ||| Stepping ~*~*~tactically~*~*~ (hiding).
  3180 | D:5      | Killed Ijyb
  3416 | D:5      | Found a broken altar of Ashenzari.
  3458 | D:5      | 3458 ||| READING scroll of enchant weapon.
  3458 | D:5      | 3458 ||| ENCHANTING +4 war axe.
  3534 | D:5      | Reached * piety under Okawaru
  3547 | D:5      | Noticed a wyvern
  3551 | D:5      | Killed a wyvern
  3552 | D:5      | Reached skill level 8 in Axes
  3552 | D:5      | Reached skill level 1 in Invocations
  3836 | D:5      | 3836 ||| UPGRADING to +0 pair of gloves.
  3841 | D:5      | 3841 ||| READING scroll labelled VUODGH JAGRUDENAA.
  3842 | D:5      | 3842 ||| DROPPING +0 flail.
  3875 | D:6      | Noticed Prince Ribbit
  3876 | D:6      | 3876 ||| INVOKING Heroism.
  3877 | D:6      | 3877 ||| Stepping ~*~*~tactically~*~*~ (stealth).
  3887 | D:6      | Reached skill level 3 in Invocations
  3890 | D:6      | Killed Prince Ribbit
  3891 | D:6      | Reached XP level 9. HP: 55/55 MP: 8/11
  3913 | D:6      | 3913 ||| Stepping ~*~*~tactically~*~*~ (hiding).
  3947 | D:6      | 3947 ||| Stepping ~*~*~tactically~*~*~ (stealth).
  3973 | D:6      | 3973 ||| Stepping ~*~*~tactically~*~*~ (stealth).
  3979 | D:6      | Reached skill level 6 in Fighting
  4011 | D:6      | Reached ** piety under Okawaru
  4092 | D:6      | 4092 ||| Stepping ~*~*~tactically~*~*~ (stealth).
  4360 | D:6      | Found a glowing silver altar of Zin.
  4377 | D:6      | Found Vithre's Antique Armour Boutique.
  4378 | D:6      | 4378 ||| Stepping ~*~*~tactically~*~*~ (hiding).
  4385 | D:6      | Reached skill level 9 in Axes
  4385 | D:6      | 4385 ||| FLEEEEING.
  4388 | D:6      | 4388 ||| Stepping ~*~*~tactically~*~*~ (stealth).
  4389 | D:6      | 4389 ||| Stepping ~*~*~tactically~*~*~ (stealth).
  4391 | D:6      | 4391 ||| INVOKING Heroism.
  4414 | D:6      | 4414 ||| BUYING shiny scale mail (161 gold).
  4414 | D:6      | Bought a shiny scale mail for 161 gold pieces
  4414 | D:6      | 4414 ||| BUYING transparent ring mail (207 gold).
  4414 | D:6      | Bought a transparent ring mail for 207 gold pieces
  4414 | D:6      | Identified the +2 ring mail of the Crypt {Str+7 Int+3} (You
                  | bought it in a shop on level 6 of the Dungeon)
  4428 | D:6      | 4428 ||| UPGRADING to +0 cloak.
  4433 | D:6      | 4433 ||| UPGRADING to +2 ring mail of the Crypt {Str+7
                  | Int+3}.
  4443 | D:6      | 4443 ||| DROPPING +0 chain mail.
  4444 | D:6      | 4444 ||| UPGRADING to +5 ring of evasion.
  4446 | D:6      | 4446 ||| UPGRADING to +4 ring of slaying {mikee}.
  4448 | D:6      | 4448 ||| READING scroll labelled ZIHYIMUULL.
  4449 | D:6      | 4449 ||| READING 4 scrolls of identify.
  4449 | D:6      | 4449 ||| IDENTIFYING inky potion
  4450 | D:6      | 4450 ||| READING 3 scrolls of identify.
  4450 | D:6      | 4450 ||| IDENTIFYING purple potion
  4451 | D:6      | 4451 ||| READING 2 scrolls of identify.
  4451 | D:6      | 4451 ||| IDENTIFYING brown potion
  4452 | D:6      | 4452 ||| DROPPING potion of enlightenment.
  4453 | D:6      | 4453 ||| DROPPING potion of brilliance.
  4516 | D:7      | 4516 ||| INVOKING Heroism.
  4541 | D:7      | 4541 ||| INVOKING Heroism.
  4545 | D:7      | Found an ancient bone altar of Kikubaaqudgha.
  4565 | D:7      | Found a radiant altar of Vehumet.
  4573 | D:7      | 4573 ||| Stepping ~*~*~tactically~*~*~ (stealth).
  4575 | D:7      | 4575 ||| INVOKING Heroism.
  4576 | D:7      | 4576 ||| Stepping ~*~*~tactically~*~*~ (hiding).
  5091 | D:8      | Found a sacrificial altar of Ru.
  5154 | D:8      | 5154 ||| Stepping ~*~*~tactically~*~*~ (stealth).
  5161 | D:8      | Reached skill level 10 in Axes
  5161 | D:8      | Reached XP level 10. HP: 63/63 MP: 13/13
  5163 | D:8      | 5163 ||| Stepping ~*~*~tactically~*~*~ (stealth).
  5164 | D:8      | 5164 ||| Stepping ~*~*~tactically~*~*~ (stealth).
  5166 | D:8      | 5166 ||| Stepping ~*~*~tactically~*~*~ (stealth).
  5178 | D:8      | Found a staircase to the Lair.
  5181 | D:8      | Reached *** piety under Okawaru
  5182 | D:8      | 5182 ||| Stepping ~*~*~tactically~*~*~ (stealth).
  5187 | D:8      | 5187 ||| Stepping ~*~*~tactically~*~*~ (stealth).
  5196 | D:8      | 5196 ||| Stepping ~*~*~tactically~*~*~ (stealth).
  5198 | D:8      | 5198 ||| Stepping ~*~*~tactically~*~*~ (stealth).
  5200 | D:8      | 5200 ||| Stepping ~*~*~tactically~*~*~ (stealth).
  5203 | D:8      | 5203 ||| INVOKING Heroism.
  5224 | D:8      | Received a gift from Okawaru
  5226 | D:8      | 5226 ||| Stepping ~*~*~tactically~*~*~ (stealth).
  5227 | D:8      | 5227 ||| Stepping ~*~*~tactically~*~*~ (stealth).
  5256 | D:8      | 5256 ||| Stepping ~*~*~tactically~*~*~ (stealth).
  5258 | D:8      | 5258 ||| Stepping ~*~*~tactically~*~*~ (stealth).
  5261 | D:8      | 5261 ||| Stepping ~*~*~tactically~*~*~ (stealth).
  5504 | D:8      | 5504 ||| INVOKING Heroism.
  5510 | D:8      | Reached skill level 3 in Throwing
  5577 | D:8      | Found a runed translucent door.
  5588 | D:8      | Identified the +9 spear "Ypib" {pain, Contam rN++ Str+3
                  | Dex+3}
  5590 | D:8      | Noticed qw's ghost (novice GrFi)
  5658 | D:8      | 5658 ||| READING scroll of enchant armour.
  5658 | D:8      | 5658 ||| ENCHANTING +0 pair of gloves.
  5949 | D:8      | 5949 ||| PLANNING LAIR
  6024 | Lair:1   | Entered Level 1 of the Lair of Beasts
  6039 | Lair:1   | 6039 ||| Stepping ~*~*~tactically~*~*~ (stealth).
  6040 | Lair:1   | Reached **** piety under Okawaru
  6041 | Lair:1   | Reached skill level 11 in Axes
  6043 | Lair:1   | 6043 ||| Stepping ~*~*~tactically~*~*~ (stealth).
  6055 | Lair:1   | Noticed a torpor snail
  6056 | Lair:1   | 6056 ||| INVOKING Heroism.
  6064 | Lair:1   | Killed a torpor snail
  6066 | Lair:1   | Reached XP level 11. HP: 66/69 MP: 12/15
  6129 | Lair:1   | 6129 ||| INVOKING Heroism.
  6140 | Lair:1   | Reached skill level 6 in Invocations
  6256 | Lair:1   | 6256 ||| Stepping ~*~*~tactically~*~*~ (stealth).
  6260 | Lair:1   | 6260 ||| INVOKING Heroism.
  6261 | Lair:1   | 6261 ||| Stepping ~*~*~tactically~*~*~ (stealth).
  6277 | Lair:1   | 6277 ||| Stepping ~*~*~tactically~*~*~ (stealth).
  6282 | Lair:1   | Reached skill level 9 in Fighting
  6402 | Lair:1   | Received a gift from Okawaru
  6561 | Lair:1   | 6561 ||| INVOKING Heroism.
  6573 | Lair:1   | Reached ***** piety under Okawaru
  7073 | Lair:1   | 7073 ||| READING 3 scrolls of identify.
  7073 | Lair:1   | 7073 ||| IDENTIFYING puce potion
  7133 | Lair:2   | 7133 ||| READING scroll of enchant weapon.
  7133 | Lair:2   | 7133 ||| ENCHANTING +5 war axe of flaming.
  7143 | Lair:2   | Noticed a boulder beetle
  7158 | Lair:2   | 7158 ||| INVOKING Heroism.
  7167 | Lair:2   | Killed a boulder beetle
  7167 | Lair:2   | Identified the +0 ring mail of Love and Death {rCorr MP+9
                  | Str-5 Dex-5} (Okawaru gifted it to you on level 2 of the
                  | Lair of Beasts)
  7167 | Lair:2   | Received a gift from Okawaru
  7307 | Lair:2   | 7307 ||| INVOKING Heroism.
  7333 | Lair:2   | 7333 ||| Stepping ~*~*~tactically~*~*~ (stealth).
  7335 | Lair:2   | 7335 ||| Stepping ~*~*~tactically~*~*~ (stealth).
  7340 | Lair:2   | 7340 ||| Stepping ~*~*~tactically~*~*~ (stealth).
  7344 | Lair:2   | Reached skill level 9 in Invocations
  7348 | Lair:2   | 7348 ||| Stepping ~*~*~tactically~*~*~ (stealth).
  7356 | Lair:2   | 7356 ||| Stepping ~*~*~tactically~*~*~ (stealth).
  7366 | Lair:2   | Reached skill level 12 in Axes
  7403 | Lair:2   | Reached XP level 12. HP: 63/76 MP: 19/19
  7403 | Lair:2   | 7403 ||| FLEEEEING.
  7404 | Lair:2   | 7404 ||| FLEEEEING.
  7405 | Lair:2   | 7405 ||| FLEEEEING.
  7406 | Lair:2   | 7406 ||| FLEEEEING.
  7407 | Lair:2   | 7407 ||| FLEEEEING.
  7408 | Lair:2   | 7408 ||| FLEEEEING.
  7413 | Lair:2   | Reached skill level 6 in Shields
  7515 | Lair:2   | Found a staircase to the Snake Pit.
  7707 | Lair:2   | 7707 ||| INVOKING Heroism.
  7948 | Lair:2   | 7948 ||| Stepping ~*~*~tactically~*~*~ (hiding).
  7949 | Lair:2   | 7949 ||| INVOKING Heroism.
  8157 | Lair:2   | 8157 ||| UPGRADING to +0 plate armour.
  8167 | Lair:2   | 8167 ||| DROPPING +2 ring mail of the Crypt {Str+7 Int+3}.
  8168 | Lair:2   | 8168 ||| READING scroll labelled ELOH NISUEMA.
  8182 | Lair:3   | 8182 ||| INVOKING Heroism.
  8191 | Lair:3   | Reached skill level 6 in Armour
  8215 | Lair:3   | Found a staircase to the Swamp.
  8224 | Lair:3   | Noticed a catoblepas
  8226 | Lair:3   | 8226 ||| Stepping ~*~*~tactically~*~*~ (hiding).
  8228 | Lair:3   | 8228 ||| INVOKING Heroism.
  8235 | Lair:3   | Killed a catoblepas
  8291 | Lair:3   | 8291 ||| INVOKING Heroism.
  8394 | Lair:3   | 8394 ||| Stepping ~*~*~tactically~*~*~ (stealth).
  8395 | Lair:3   | 8395 ||| Stepping ~*~*~tactically~*~*~ (stealth).
  8706 | Lair:3   | Received a gift from Okawaru
  8711 | Lair:3   | 8711 ||| Stepping ~*~*~tactically~*~*~ (water).
  8718 | Lair:3   | Reached skill level 9 in Armour
  8719 | Lair:3   | 8719 ||| UPGRADING to +3 broad axe.
  8729 | Lair:3   | Noticed a five-headed hydra
  8730 | Lair:3   | 8730 ||| INVOKING Heroism.
  8731 | Lair:3   | 8731 ||| Stepping ~*~*~tactically~*~*~ (water).
  8732 | Lair:3   | 8732 ||| INVOKING Finesse.
  8734 | Lair:3   | 8734 ||| SWAPPING to +6 war axe of flaming.
  8736 | Lair:3   | Killed a three-headed hydra
  8737 | Lair:3   | 8737 ||| UPGRADING to +3 broad axe.
  9055 | Lair:3   | 9055 ||| UPGRADING to +2 pair of boots of rampaging.
  9065 | Lair:3   | 9065 ||| DROPPING +0 pair of boots.
  9066 | Lair:3   | 9066 ||| DROPPING ring of flight.
  9198 | Lair:4   | Noticed a skyshark
  9205 | Lair:4   | Killed a skyshark
  9331 | Lair:4   | Found a staircase to the Slime Pits.
  9385 | Lair:4   | 9385 ||| READING scroll of enchant armour.
  9385 | Lair:4   | 9385 ||| ENCHANTING +1 pair of gloves.
  9460 | Lair:4   | Found a dark tunnel.
  9819 | Lair:5   | Entered Level 5 of the Lair of Beasts
  9820 | Lair:5   | 9820 ||| INVOKING Heroism.
  9823 | Lair:5   | Noticed a death yak
  9831 | Lair:5   | Reached XP level 13. HP: 82/82 MP: 18/20
  9836 | Lair:5   | Reached skill level 13 in Axes
  9878 | Lair:5   | 9878 ||| FLEEEEING.
  9879 | Lair:5   | 9879 ||| STAIRDANCE
  9897 | Lair:5   | 9897 ||| INVOKING Heroism.
  9918 | Lair:5   | 9918 ||| Stepping ~*~*~tactically~*~*~ (stealth).
  9938 | Lair:5   | 9938 ||| INVOKING Heroism.
  9949 | Lair:5   | 9949 ||| INVOKING Finesse.
  9964 | Lair:5   | 9964 ||| SWAPPING to +6 war axe of flaming.
  9969 | Lair:5   | Received a gift from Okawaru
  9971 | Lair:5   | Received a gift from Okawaru
  9972 | Lair:5   | Reached skill level 14 in Axes
  9985 | Lair:5   | 9985 ||| UPGRADING to +3 broad axe.
  9989 | Lair:5   | 9989 ||| Stepping ~*~*~tactically~*~*~ (stealth).
  9990 | Lair:5   | 9990 ||| Stepping ~*~*~tactically~*~*~ (stealth).
  9991 | Lair:5   | 9991 ||| Stepping ~*~*~tactically~*~*~ (stealth).
  9992 | Lair:5   | 9992 ||| INVOKING Heroism.
 10162 | Lair:5   | 10162 ||| INVOKING Heroism.
 10163 | Lair:5   | 10163 ||| INVOKING Finesse.
 10175 | Lair:5   | 10175 ||| SWAPPING to +6 war axe of flaming.
 10177 | Lair:5   | 10177 ||| UPGRADING to +3 broad axe.
 10224 | Lair:5   | 10224 ||| INVOKING Heroism.
 10334 | Lair:5   | 10334 ||| INVOKING Heroism.
 10393 | Lair:5   | 10393 ||| INVOKING Heroism.
 10394 | Lair:5   | 10394 ||| INVOKING Finesse.
 10404 | Lair:5   | 10404 ||| Stepping ~*~*~tactically~*~*~ (hiding).
 10406 | Lair:5   | 10406 ||| SWAPPING to +6 war axe of flaming.
 10417 | Lair:5   | Received a gift from Okawaru
 10418 | Lair:5   | 10418 ||| UPGRADING to +3 broad axe.
 10484 | Lair:5   | 10484 ||| INVOKING Heroism.
 10493 | Lair:5   | 10493 ||| SWAPPING to +6 war axe of flaming.
 10496 | Lair:5   | 10496 ||| UPGRADING to +3 broad axe.
 10515 | Lair:5   | 10515 ||| INVOKING Heroism.
 10518 | Lair:5   | 10518 ||| SWAPPING to +6 war axe of flaming.
 10520 | Lair:5   | 10520 ||| Stepping ~*~*~tactically~*~*~ (hiding).
 10629 | Lair:5   | 10629 ||| UPGRADING to +3 broad axe.
 10649 | Lair:5   | 10649 ||| Stepping ~*~*~tactically~*~*~ (hiding).
 10650 | Lair:5   | 10650 ||| Stepping ~*~*~tactically~*~*~ (hiding).
 10651 | Lair:5   | 10651 ||| Stepping ~*~*~tactically~*~*~ (hiding).
 10691 | Lair:5   | Found a burning altar of Makhleb.
 10692 | Lair:5   | 10692 ||| INVOKING Heroism.
 10708 | Lair:5   | 10708 ||| INVOKING Finesse.
 10719 | Lair:5   | Gained mutation: Your large and strong wings let you fly.
                  | [Gargoyle growth]
 10719 | Lair:5   | Reached XP level 14. HP: 78/90 MP: 15/21
 10756 | Lair:5   | Found a gateway to Hell.
 10934 | Lair:5   | 10934 ||| INVOKING Heroism.
 11164 | Lair:5   | 11164 ||| INVOKING Heroism.
 11290 | Lair:5   | 11290 ||| PLANNING D:1-11
 11290 | Lair:5   | 11290 ||| READING scroll labelled COUHIM WULONU.
 11418 | Lair:5   | 11418 ||| Stepping ~*~*~tactically~*~*~ (stealth).
 11710 | D:9      | 11710 ||| Stepping ~*~*~tactically~*~*~ (hiding).
 11729 | D:9      | 11729 ||| Stepping ~*~*~tactically~*~*~ (hiding).
 11957 | D:9      | Reached skill level 6 in Throwing
 12246 | D:9      | 12246 ||| Stepping ~*~*~tactically~*~*~ (stealth).
 12279 | D:9      | 12279 ||| Stepping ~*~*~tactically~*~*~ (hiding).
 12284 | D:9      | 12284 ||| Stepping ~*~*~tactically~*~*~ (hiding).
 12422 | D:9      | 12422 ||| READING scroll labelled SOEXKOCRULL.
 12432 | D:10     | Entered Level 10 of the Dungeon
 12454 | D:10     | Found Giotipna's Magic Scroll Boutique.
 12460 | D:10     | 12460 ||| DRINKING 4 potions of curing.
 12460 | D:10     | 12460 ||| (to cure confusion)
 12597 | D:10     | 12597 ||| Stepping ~*~*~tactically~*~*~ (hiding).
 12598 | D:10     | 12598 ||| Stepping ~*~*~tactically~*~*~ (hiding).
 12639 | D:10     | 12639 ||| Stepping ~*~*~tactically~*~*~ (stealth).
 12848 | D:10     | Reached skill level 15 in Axes
 13419 | D:11     | 13419 ||| INVOKING Heroism.
 13420 | D:11     | 13420 ||| INVOKING Finesse.
 13486 | D:11     | 13486 ||| Stepping ~*~*~tactically~*~*~ (hiding).
 13528 | D:11     | 13528 ||| Stepping ~*~*~tactically~*~*~ (stealth).
 13682 | D:11     | 13682 ||| INVOKING Heroism.
 13683 | D:11     | 13683 ||| Stepping ~*~*~tactically~*~*~ (stealth).
 13685 | D:11     | 13685 ||| INVOKING Finesse.
 13696 | D:11     | 13696 ||| Stepping ~*~*~tactically~*~*~ (stealth).
 13728 | D:11     | 13728 ||| Stepping ~*~*~tactically~*~*~ (stealth).
 13733 | D:11     | Reached skill level 12 in Fighting
 13744 | D:11     | 13744 ||| Stepping ~*~*~tactically~*~*~ (stealth).
 13755 | D:11     | Found a runed translucent door.
 13759 | D:11     | 13759 ||| Stepping ~*~*~tactically~*~*~ (hiding).
 13846 | D:11     | 13846 ||| Stepping ~*~*~tactically~*~*~ (stealth).
 13855 | D:11     | 13855 ||| Stepping ~*~*~tactically~*~*~ (stealth).
 13857 | D:11     | 13857 ||| Stepping ~*~*~tactically~*~*~ (hiding).
 13869 | D:11     | Received a gift from Okawaru
 13880 | D:11     | 13880 ||| INVOKING Heroism.
 13881 | D:11     | 13881 ||| INVOKING Finesse.
 13991 | D:11     | Reached skill level 12 in Armour
 14055 | D:11     | 14055 ||| Stepping ~*~*~tactically~*~*~ (stealth).
 14057 | D:11     | 14057 ||| Stepping ~*~*~tactically~*~*~ (stealth).
 14059 | D:11     | 14059 ||| Stepping ~*~*~tactically~*~*~ (stealth).
 14078 | D:11     | 14078 ||| Stepping ~*~*~tactically~*~*~ (stealth).
 14079 | D:11     | 14079 ||| Stepping ~*~*~tactically~*~*~ (stealth).
 14091 | D:11     | Found a staircase to the Orcish Mines.
 14092 | D:11     | 14092 ||| Stepping ~*~*~tactically~*~*~ (hiding).
 14093 | D:11     | 14093 ||| Stepping ~*~*~tactically~*~*~ (hiding).
 14095 | D:11     | 14095 ||| Stepping ~*~*~tactically~*~*~ (stealth).
 14111 | D:11     | 14111 ||| Stepping ~*~*~tactically~*~*~ (stealth).
 14131 | D:11     | 14131 ||| Stepping ~*~*~tactically~*~*~ (stealth).
 14197 | D:11     | 14197 ||| Stepping ~*~*~tactically~*~*~ (stealth).
 14216 | D:11     | 14216 ||| DROPPING ring of see invisible.
 14217 | D:11     | 14217 ||| READING scroll labelled BUC PUKAXE.
 14218 | D:11     | 14218 ||| READING 7 scrolls of identify.
 14218 | D:11     | 14218 ||| IDENTIFYING cyan potion
 14401 | D:10     | 14401 ||| Stepping randomly (stuck).
 14539 | D:11     | Found a runed translucent door.
 14688 | D:11     | Found Juorelurgh's Jewellery Emporium.
 14696 | D:11     | 14696 ||| BUYING +5 ring of evasion (648 gold).
 14696 | D:11     | Bought a +5 ring of evasion for 648 gold pieces
 14696 | D:11     | 14696 ||| SHOPLISTING amulet of faith (720 gold, have 197).
 14713 | D:11     | 14713 ||| Stepping ~*~*~tactically~*~*~ (hiding).
 14716 | D:11     | 14716 ||| Stepping ~*~*~tactically~*~*~ (hiding).
 14779 | D:11     | 14779 ||| READING scroll of brand weapon.
 14779 | D:11     | 14779 ||| BRANDING +3 broad axe.
 14874 | D:11     | 14874 ||| Stepping ~*~*~tactically~*~*~ (stealth).
 14970 | D:11     | 14970 ||| UPGRADING to +5 ring of evasion.
 14972 | D:11     | 14972 ||| DROPPING +4 ring of slaying {mikee}.
 14978 | D:10     | 14978 ||| BUYING scroll of enchant weapon (97 gold).
 14978 | D:10     | Bought a scroll of enchant weapon for 97 gold pieces
 14978 | D:10     | 14978 ||| READING scroll of enchant weapon.
 14978 | D:10     | 14978 ||| ENCHANTING +3 broad axe of venom.
 14979 | D:10     | 14979 ||| Stepping randomly (stuck).
 15287 | D:11     | 15287 ||| PLANNING D
 15314 | D:12     | 15314 ||| Stepping ~*~*~tactically~*~*~ (stealth).
 15399 | D:12     | 15399 ||| Stepping randomly (disturbance).
 15400 | D:12     | 15400 ||| Stepping randomly (disturbance).
 15413 | D:12     | 15413 ||| Stepping randomly (disturbance).
 15414 | D:12     | 15414 ||| Stepping randomly (disturbance).
 15419 | D:12     | Received a gift from Okawaru
 15513 | D:12     | 15513 ||| Stepping ~*~*~tactically~*~*~ (stealth).
 15515 | D:12     | 15515 ||| Stepping ~*~*~tactically~*~*~ (hiding).
 15639 | D:12     | 15639 ||| Stepping ~*~*~tactically~*~*~ (hiding).
 15640 | D:12     | 15640 ||| Stepping ~*~*~tactically~*~*~ (hiding).
 15641 | D:12     | 15641 ||| Stepping ~*~*~tactically~*~*~ (hiding).
 15768 | D:12     | 15768 ||| INVOKING Heroism.
 15923 | D:12     | 15923 ||| READING scroll of enchant armour.
 15923 | D:12     | 15923 ||| ENCHANTING +0 helmet.
 15929 | D:12     | 15929 ||| Stepping ~*~*~tactically~*~*~ (stealth).
 16208 | D:13     | 16208 ||| INVOKING Heroism.
 16209 | D:13     | 16209 ||| INVOKING Finesse.
 16218 | D:13     | 16218 ||| SWAPPING to +6 war axe of flaming.
 16255 | D:13     | 16255 ||| UPGRADING to +4 broad axe of venom.
 16295 | D:13     | Reached XP level 15. HP: 90/96 MP: 22/22
 16323 | D:13     | 16323 ||| Stepping ~*~*~tactically~*~*~ (stealth).
 16404 | D:13     | 16404 ||| Stepping ~*~*~tactically~*~*~ (hiding).
 16412 | D:13     | Reached skill level 16 in Axes
 16520 | D:13     | 16520 ||| READING scroll of enchant armour.
 16520 | D:13     | 16520 ||| ENCHANTING +1 helmet.
 16536 | D:13     | 16536 ||| INVOKING Heroism.
 16541 | D:13     | 16541 ||| SWAPPING to +6 war axe of flaming.
 16543 | D:13     | 16543 ||| UPGRADING to +4 broad axe of venom.
 16715 | D:13     | 16715 ||| INVOKING Heroism.
 16791 | D:13     | 16791 ||| Stepping ~*~*~tactically~*~*~ (hiding).
 16803 | D:13     | Reached skill level 3 in Dodging
 16808 | D:13     | Received a gift from Okawaru
 16885 | D:13     | Found a gate to the Vaults.
 16886 | D:13     | 16886 ||| INVOKING Heroism.
 16888 | D:13     | 16888 ||| SWAPPING to +6 war axe of flaming.
 16914 | D:13     | 16914 ||| UPGRADING to +4 broad axe of venom.
 16978 | D:13     | 16978 ||| Stepping ~*~*~tactically~*~*~ (stealth).
 16984 | D:13     | 16984 ||| Stepping ~*~*~tactically~*~*~ (hiding).
 17116 | D:13     | 17116 ||| DROPPING amulet of the acrobat.
 17153 | D:14     | Noticed Jorgrun
 17154 | D:14     | 17154 ||| Stepping ~*~*~tactically~*~*~ (hiding).
 17159 | D:14     | 17159 ||| INVOKING Heroism.
 17172 | D:14     | Killed Jorgrun
 17195 | D:14     | 17195 ||| SWAPPING to +6 war axe of flaming.
 17199 | D:14     | 17199 ||| Stepping ~*~*~tactically~*~*~ (hiding).
 17202 | D:14     | 17202 ||| Stepping ~*~*~tactically~*~*~ (hiding).
 17205 | D:14     | 17205 ||| Stepping ~*~*~tactically~*~*~ (hiding).
 17218 | D:14     | 17218 ||| UPGRADING to +4 broad axe of venom.
 17507 | D:14     | Noticed Agnes
 17508 | D:14     | 17508 ||| INVOKING Heroism.
 17529 | D:14     | Killed Agnes
 17570 | D:14     | 17570 ||| Stepping ~*~*~tactically~*~*~ (stealth).
 17572 | D:14     | 17572 ||| INVOKING Heroism.
 17576 | D:14     | Received a gift from Okawaru
 17578 | D:14     | HP: 17/96 [meliai/divine providence (14)]
 17579 | D:14     | 17579 ||| READING 12 scrolls of teleportation.
 17580 | D:14     | 17580 ||| DRINKING 2 potions of heal wounds.
 17695 | D:14     | 17695 ||| Stepping ~*~*~tactically~*~*~ (stealth).
 17696 | D:14     | 17696 ||| Stepping ~*~*~tactically~*~*~ (stealth).
 17698 | D:14     | 17698 ||| Stepping ~*~*~tactically~*~*~ (hiding).
 17990 | D:14     | 17990 ||| Stepping ~*~*~tactically~*~*~ (stealth).
 18005 | D:14     | Noticed Lodul
 18021 | D:14     | 18021 ||| INVOKING Heroism.
 18025 | D:14     | Killed Lodul
 18205 | D:14     | Found a glowing silver altar of Zin.
 18205 | D:14     | Found a glowing golden altar of the Shining One.
 18205 | D:14     | Found a white marble altar of Elyvilon.
 18398 | D:14     | 18398 ||| Stepping ~*~*~tactically~*~*~ (hiding).
 18690 | D:15     | Entered Level 15 of the Dungeon
 18706 | D:15     | 18706 ||| Stepping ~*~*~tactically~*~*~ (hiding).
 18718 | D:15     | 18718 ||| INVOKING Heroism.
 18805 | D:15     | Identified the +3 falchion of the Imbibing Coward {venom,
                  | rCorr}
 18884 | D:15     | 18884 ||| Stepping ~*~*~tactically~*~*~ (hiding).
 18885 | D:15     | 18885 ||| Stepping ~*~*~tactically~*~*~ (hiding).
 18887 | D:15     | 18887 ||| Stepping ~*~*~tactically~*~*~ (hiding).
 18888 | D:15     | 18888 ||| Stepping ~*~*~tactically~*~*~ (hiding).
 18889 | D:15     | 18889 ||| Stepping ~*~*~tactically~*~*~ (hiding).
 18920 | D:15     | 18920 ||| Stepping ~*~*~tactically~*~*~ (hiding).
 18922 | D:15     | 18922 ||| Stepping ~*~*~tactically~*~*~ (hiding).
 18925 | D:15     | 18925 ||| Stepping ~*~*~tactically~*~*~ (hiding).
 18927 | D:15     | 18927 ||| Stepping ~*~*~tactically~*~*~ (hiding).
 18935 | D:15     | Reached skill level 17 in Axes
 18994 | D:15     | Identified the +10 executioner's axe of the Unkillable
                  | {drain, rElec rPois Will- Dex+2} (Okawaru gifted it to you
                  | on level 15 of the Dungeon)
 18994 | D:15     | Received a gift from Okawaru
 19045 | D:15     | 19045 ||| INVOKING Heroism.
 19047 | D:15     | 19047 ||| Stepping ~*~*~tactically~*~*~ (stealth).
 19062 | D:15     | 19062 ||| Stepping ~*~*~tactically~*~*~ (stealth).
 19072 | D:15     | 19072 ||| Stepping ~*~*~tactically~*~*~ (stealth).
 19081 | D:15     | 19081 ||| Stepping ~*~*~tactically~*~*~ (hiding).
 19226 | D:15     | 19226 ||| INVOKING Heroism.
 19230 | D:15     | 19230 ||| READING 14 scrolls of teleportation.
 19334 | D:15     | 19334 ||| INVOKING Heroism.
 19339 | D:15     | 19339 ||| Stepping ~*~*~tactically~*~*~ (stealth).
 19341 | D:15     | Found a staircase to the Depths.
 19348 | D:15     | 19348 ||| Stepping ~*~*~tactically~*~*~ (hiding).
 19349 | D:15     | 19349 ||| Stepping ~*~*~tactically~*~*~ (hiding).
 19372 | D:15     | 19372 ||| Stepping ~*~*~tactically~*~*~ (hiding).
 19390 | D:15     | 19390 ||| Stepping ~*~*~tactically~*~*~ (stealth).
 19391 | D:15     | 19391 ||| Stepping ~*~*~tactically~*~*~ (stealth).
 19471 | D:15     | 19471 ||| Stepping ~*~*~tactically~*~*~ (hiding).
 19475 | D:15     | 19475 ||| Stepping ~*~*~tactically~*~*~ (hiding).
 19497 | D:15     | 19497 ||| INVOKING Heroism.
 19808 | D:15     | 19808 ||| PLANNING ORC
 19808 | D:15     | 19808 ||| READING scroll labelled JOSUF NOUM.
 19898 | Orc:1    | Entered Level 1 of the Orcish Mines
 19899 | Orc:1    | 19899 ||| INVOKING Heroism.
 19937 | Orc:1    | 19937 ||| Stepping ~*~*~tactically~*~*~ (stealth).
 19941 | Orc:1    | 19941 ||| Stepping ~*~*~tactically~*~*~ (stealth).
 19942 | Orc:1    | 19942 ||| Stepping ~*~*~tactically~*~*~ (hiding).
 19943 | Orc:1    | 19943 ||| Stepping ~*~*~tactically~*~*~ (hiding).
 19972 | Orc:1    | Found Sieg's Antique Armour Boutique.
 19997 | Orc:1    | 19997 ||| BUYING embroidered cloak (202 gold).
 19997 | Orc:1    | Bought an embroidered cloak for 202 gold pieces
 19997 | Orc:1    | 19997 ||| BUYING faintly humming buckler (256 gold).
 19997 | Orc:1    | Bought a faintly humming buckler for 256 gold pieces
 19997 | Orc:1    | Identified the +6 buckler of the Earth {*Slow rElec rC+
                  | Stlth+} (You bought it in a shop on level 1 of the Orcish
                  | Mines)
 19997 | Orc:1    | 19997 ||| SHOPLISTING glowing chain mail (202 gold, have
                  | 197).
 19997 | Orc:1    | 19997 ||| SHOPLISTING runed chain mail (202 gold, have
                  | 197).
 19997 | Orc:1    | 19997 ||| BUYING tower shield (121 gold).
 19997 | Orc:1    | Bought a tower shield for 121 gold pieces
 20073 | Orc:1    | Noticed Maurice
 20075 | Orc:1    | 20075 ||| Stepping ~*~*~tactically~*~*~ (hiding).
 20076 | Orc:1    | 20076 ||| Stepping ~*~*~tactically~*~*~ (hiding).
 20086 | Orc:1    | Killed Maurice
 20087 | Orc:1    | Reached XP level 16. HP: 104/104 MP: 23/23
 20441 | Orc:1    | 20441 ||| UPGRADING to +2 cloak.
 20451 | Orc:1    | 20451 ||| DROPPING +0 cloak.
 20452 | Orc:1    | 20452 ||| UPGRADING to +6 buckler of the Earth {*Slow rElec
                  | rC+ Stlth+}.
 20462 | Orc:1    | 20462 ||| DROPPING +0 buckler.
 20463 | Orc:1    | 20463 ||| UPGRADING to +0 tower shield.
 20473 | Orc:1    | 20473 ||| DROPPING +6 buckler of the Earth {*Slow rElec rC+
                  | Stlth+}.
 20485 | Orc:2    | Entered Level 2 of the Orcish Mines
 20489 | Orc:2    | 20489 ||| STAIRDANCE
 20491 | Orc:1    | 20491 ||| INVOKING Heroism.
 20573 | Orc:2    | 20573 ||| INVOKING Heroism.
 20639 | Orc:2    | 20639 ||| Stepping ~*~*~tactically~*~*~ (stealth).
 20642 | Orc:2    | 20642 ||| INVOKING Heroism.
 20659 | Orc:2    | 20659 ||| Stepping ~*~*~tactically~*~*~ (hiding).
 20668 | Orc:2    | 20668 ||| Stepping ~*~*~tactically~*~*~ (stealth).
 20669 | Orc:2    | 20669 ||| Stepping ~*~*~tactically~*~*~ (stealth).
 20674 | Orc:2    | 20674 ||| Stepping ~*~*~tactically~*~*~ (stealth).
 20676 | Orc:2    | 20676 ||| INVOKING Heroism.
 20679 | Orc:2    | Reached skill level 9 in Shields
 20732 | Orc:2    | 20732 ||| READING 13 scrolls of teleportation.
 20733 | Orc:2    | 20733 ||| INVOKING Heroism.
 20765 | Orc:2    | 20765 ||| DRINKING 3 potions of cancellation.
 20802 | Orc:2    | 20802 ||| Stepping ~*~*~tactically~*~*~ (stealth).
 20828 | Orc:2    | 20828 ||| INVOKING Heroism.
 20830 | Orc:2    | Found Taukot's Armour Shoppe.
 20830 | Orc:2    | Found Hijisaf's Magic Scroll Shop.
 20852 | Orc:2    | Found Nugeon's Book Shoppe.
 20852 | Orc:2    | Found Qupsoapn's Distillery.
 20858 | Orc:2    | 20858 ||| BUYING +0 ring mail of Uskayaw's Hatred {rPois
                  | Regen+ rCorr Str-2} (249 gold).
 20858 | Orc:2    | Bought the +0 ring mail of Uskayaw's Hatred {rPois Regen+
                  | rCorr Str-2} for 249 gold pieces
 20858 | Orc:2    | 20858 ||| SHOPLISTING +2 pair of gloves "Umivahoz" {rPois
                  | rC- Dex+8 Stlth+} (574 gold, have 403).
 20858 | Orc:2    | 20858 ||| SHOPLISTING +4 plate armour of poison resistance
                  | (705 gold, have 403).
 20862 | Orc:2    | 20862 ||| BUYING potion of attraction (51 gold).
 20862 | Orc:2    | Bought a potion of attraction for 51 gold pieces
 20862 | Orc:2    | 20862 ||| BUYING potion of attraction (51 gold).
 20862 | Orc:2    | Bought a potion of attraction for 51 gold pieces
 20862 | Orc:2    | 20862 ||| BUYING potion of heal wounds (85 gold).
 20862 | Orc:2    | Bought a potion of heal wounds for 85 gold pieces
 20862 | Orc:2    | 20862 ||| BUYING potion of lignification (51 gold).
 20862 | Orc:2    | Bought a potion of lignification for 51 gold pieces
 20862 | Orc:2    | 20862 ||| BUYING potion of lignification (51 gold).
 20862 | Orc:2    | Bought a potion of lignification for 51 gold pieces
 20862 | Orc:2    | 20862 ||| BUYING potion of might (68 gold).
 20862 | Orc:2    | Bought a potion of might for 68 gold pieces
 20862 | Orc:2    | 20862 ||| SHOPLISTING potion of might (68 gold, have 46).
 20862 | Orc:2    | 20862 ||| SHOPLISTING potion of mutation (136 gold, have
                  | 46).
 20864 | Orc:2    | 20864 ||| BUYING scroll of teleportation (39 gold).
 20864 | Orc:2    | Bought a scroll of teleportation for 39 gold pieces
 20864 | Orc:2    | 20864 ||| SHOPLISTING scroll of teleportation (39 gold,
                  | have 7).
 20911 | Orc:2    | Found a staircase to the Elven Halls.
 21050 | Orc:2    | 21050 ||| PLANNING SNAKE:1-3
 21050 | Orc:2    | 21050 ||| DROPPING +0 ring mail of Love and Death {rCorr
                  | MP+9 Str-5 Dex-5}.
 21227 | Snake:1  | Entered Level 1 of the Snake Pit
 21228 | Snake:1  | 21228 ||| INVOKING Heroism.
 21251 | Snake:1  | 21251 ||| Stepping ~*~*~tactically~*~*~ (hiding).
 21270 | Snake:1  | Received a gift from Okawaru
 21345 | Snake:1  | 21345 ||| INVOKING Heroism.
 21347 | Snake:1  | 21347 ||| Stepping ~*~*~tactically~*~*~ (hiding).
 21442 | Snake:1  | 21442 ||| Stepping ~*~*~tactically~*~*~ (stealth).
 21451 | Snake:1  | 21451 ||| Stepping ~*~*~tactically~*~*~ (hiding).
 21455 | Snake:1  | 21455 ||| Stepping ~*~*~tactically~*~*~ (hiding).
 21461 | Snake:1  | 21461 ||| Stepping ~*~*~tactically~*~*~ (hiding).
 21462 | Snake:1  | 21462 ||| Stepping ~*~*~tactically~*~*~ (hiding).
 21473 | Snake:1  | 21473 ||| INVOKING Heroism.
 21473 | Snake:1  | Received a gift from Okawaru
 21474 | Snake:1  | 21474 ||| Stepping ~*~*~tactically~*~*~ (hiding).
 21475 | Snake:1  | 21475 ||| Stepping ~*~*~tactically~*~*~ (hiding).
 21476 | Snake:1  | 21476 ||| Stepping ~*~*~tactically~*~*~ (hiding).
 21478 | Snake:1  | Found a sacrificial altar of Ru.
 21499 | Snake:1  | 21499 ||| Stepping ~*~*~tactically~*~*~ (stealth).
 21547 | Snake:1  | Found a gateway to a bazaar.
 21548 | Snake:1  | 21548 ||| PLANNING BAZAAR
 21548 | Snake:1  | 21548 ||| INVOKING Heroism.
 21590 | Snake:1  | 21590 ||| UPGRADING to +2 tower shield of protection.
 21600 | Snake:1  | 21600 ||| DROPPING +0 tower shield.
 21605 | Bazaar   | Entered a bazaar
 21605 | Bazaar   | Found Rafytoto's Antique Armour Shop.
 21605 | Bazaar   | Found Loavum Teowu's Book Boutique.
 21605 | Bazaar   | Found Kawaur's Distillery.
 21605 | Bazaar   | Found Ebu Nei's Magic Scroll Boutique.
 21605 | Bazaar   | Found Unwa's Distillery.
 21611 | Bazaar   | 21611 ||| BUYING potion of haste (90 gold).
 21611 | Bazaar   | Bought a potion of haste for 90 gold pieces
 21611 | Bazaar   | 21611 ||| BUYING potion of might (36 gold).
 21611 | Bazaar   | Bought a potion of might for 36 gold pieces
 21629 | Snake:1  | 21629 ||| PLANNING SNAKE:1-3
 21701 | Snake:1  | 21701 ||| Stepping ~*~*~tactically~*~*~ (hiding).
 21725 | Snake:1  | 21725 ||| INVOKING Heroism.
 21743 | Snake:1  | Reached skill level 12 in Shields
 21821 | Snake:1  | 21821 ||| Stepping ~*~*~tactically~*~*~ (hiding).
 21859 | Snake:1  | 21859 ||| Stepping ~*~*~tactically~*~*~ (hiding).
 22066 | Snake:1  | 22066 ||| Stepping ~*~*~tactically~*~*~ (hiding).
 22075 | Snake:1  | Received a gift from Okawaru
 22078 | Snake:1  | 22078 ||| Stepping ~*~*~tactically~*~*~ (stealth).
 22079 | Snake:1  | 22079 ||| Stepping ~*~*~tactically~*~*~ (stealth).
 22081 | Snake:1  | Noticed Aizul
 22082 | Snake:1  | 22082 ||| INVOKING Heroism.
 22101 | Snake:1  | Killed Aizul
 22127 | Snake:1  | 22127 ||| Stepping ~*~*~tactically~*~*~ (hiding).
 22154 | Snake:1  | 22154 ||| Stepping ~*~*~tactically~*~*~ (hiding).
 22155 | Snake:1  | 22155 ||| Stepping ~*~*~tactically~*~*~ (hiding).
 22166 | Snake:1  | 22166 ||| Stepping ~*~*~tactically~*~*~ (hiding).
 22191 | Snake:1  | 22191 ||| Stepping ~*~*~tactically~*~*~ (stealth).
 22243 | Snake:1  | 22243 ||| Stepping ~*~*~tactically~*~*~ (hiding).
 22244 | Snake:1  | 22244 ||| Stepping ~*~*~tactically~*~*~ (hiding).
 22274 | Snake:1  | 22274 ||| Stepping ~*~*~tactically~*~*~ (stealth).
 22275 | Snake:1  | 22275 ||| Stepping ~*~*~tactically~*~*~ (stealth).
 22293 | Snake:1  | Found the +3 giant club "Skullcrusher" {speed, Str+7}
 22294 | Snake:1  | 22294 ||| Stepping ~*~*~tactically~*~*~ (hiding).
 22313 | Snake:1  | Identified the +8 sling "Spiderbane" {drain, rCorr Dex-5
                  | Stlth+}
 22314 | Snake:1  | Identified the ring "Seankaj" {AC+4 Dex+3}
 22619 | Snake:1  | 22619 ||| DROPPING +2 pair of boots.
 22620 | Snake:1  | 22620 ||| DROPPING ring "Seankaj" {AC+4 Dex+3}.
 22632 | Snake:2  | 22632 ||| PLANNING BAZAAR
 22639 | Snake:2  | 22639 ||| Stepping randomly (stuck).
 22640 | Snake:2  | 22640 ||| Stepping randomly (stuck).
 22641 | Snake:2  | 22641 ||| Stepping randomly (stuck).
 22642 | Snake:2  | 22642 ||| Stepping randomly (stuck).
 22643 | Snake:2  | 22643 ||| Stepping randomly (stuck).
 22644 | Snake:2  | 22644 ||| Stepping randomly (stuck).
 22645 | Snake:2  | 22645 ||| Stepping randomly (stuck).
 22646 | Snake:2  | 22646 ||| Stepping randomly (stuck).
 22647 | Snake:2  | 22647 ||| Stepping randomly (stuck).
 22648 | Snake:2  | 22648 ||| Stepping randomly (stuck).
 22649 | Snake:2  | 22649 ||| Stepping randomly (stuck).
 22650 | Snake:2  | 22650 ||| Stepping randomly (stuck).
 22651 | Snake:2  | 22651 ||| Stepping randomly (stuck).
 22652 | Snake:2  | 22652 ||| Stepping randomly (stuck).
 22653 | Snake:2  | 22653 ||| Stepping randomly (stuck).
 22654 | Snake:2  | 22654 ||| Stepping randomly (stuck).
 22655 | Snake:2  | 22655 ||| Stepping randomly (stuck).
 22656 | Snake:2  | 22656 ||| Stepping randomly (stuck).
 22657 | Snake:2  | 22657 ||| Stepping randomly (stuck).
 22658 | Snake:2  | 22658 ||| Stepping randomly (stuck).
 22659 | Snake:2  | 22659 ||| Stepping randomly (stuck).
 22660 | Snake:2  | 22660 ||| Stepping randomly (stuck).
 22661 | Snake:2  | 22661 ||| Stepping randomly (stuck).
 22662 | Snake:2  | 22662 ||| Stepping randomly (stuck).
 22663 | Snake:2  | 22663 ||| Stepping randomly (stuck).
 22664 | Snake:2  | 22664 ||| Stepping randomly (stuck).
 22665 | Snake:2  | 22665 ||| Stepping randomly (stuck).
 22666 | Snake:2  | 22666 ||| Stepping randomly (stuck).
 22667 | Snake:2  | 22667 ||| Stepping randomly (stuck).
 22668 | Snake:2  | 22668 ||| Stepping randomly (stuck).
 22669 | Snake:2  | 22669 ||| Stepping randomly (stuck).
 22670 | Snake:2  | 22670 ||| Stepping randomly (stuck).
 22671 | Snake:2  | 22671 ||| Stepping randomly (stuck).
 22672 | Snake:2  | 22672 ||| Stepping randomly (stuck).
 22673 | Snake:2  | 22673 ||| Stepping randomly (stuck).
 22674 | Snake:2  | 22674 ||| Stepping randomly (stuck).
 22675 | Snake:2  | 22675 ||| Stepping randomly (stuck).
 22676 | Snake:2  | 22676 ||| Stepping randomly (stuck).
 22677 | Snake:2  | 22677 ||| Stepping randomly (stuck).
 22678 | Snake:2  | 22678 ||| Stepping randomly (stuck).
 22679 | Snake:2  | 22679 ||| Stepping randomly (stuck).
 22680 | Snake:2  | 22680 ||| Stepping randomly (stuck).
 22681 | Snake:2  | 22681 ||| Stepping randomly (stuck).
 22682 | Snake:2  | 22682 ||| Stepping randomly (stuck).
 22683 | Snake:2  | 22683 ||| Stepping randomly (stuck).
 22684 | Snake:2  | 22684 ||| Stepping randomly (stuck).
 22685 | Snake:2  | 22685 ||| Stepping randomly (stuck).
 22686 | Snake:2  | 22686 ||| Stepping randomly (stuck).
 22687 | Snake:2  | 22687 ||| Stepping randomly (stuck).
 22688 | Snake:2  | 22688 ||| Stepping randomly (stuck).
 22689 | Snake:2  | 22689 ||| Stepping randomly (stuck).
 22690 | Snake:2  | 22690 ||| READING 14 scrolls of teleportation.
 22699 | Snake:2  | 22699 ||| READING 13 scrolls of teleportation.
 22700 | Snake:2  | 22700 ||| STAIRDANCE
 22801 | Snake:2  | 22801 ||| Stepping randomly (stuck).
 22802 | Snake:2  | 22802 ||| Stepping randomly (stuck).
 22803 | Snake:2  | 22803 ||| Stepping randomly (stuck).
 22804 | Snake:2  | 22804 ||| Stepping randomly (stuck).
 22805 | Snake:2  | 22805 ||| Stepping randomly (stuck).
 22806 | Snake:2  | 22806 ||| Stepping randomly (stuck).
 22807 | Snake:2  | 22807 ||| Stepping randomly (stuck).
 22808 | Snake:2  | 22808 ||| Stepping randomly (stuck).
 22809 | Snake:2  | 22809 ||| Stepping randomly (stuck).
 22810 | Snake:2  | 22810 ||| Stepping randomly (stuck).
 22811 | Snake:2  | 22811 ||| Stepping randomly (stuck).
 22812 | Snake:2  | 22812 ||| Stepping randomly (stuck).
 22813 | Snake:2  | 22813 ||| Stepping randomly (stuck).
 22814 | Snake:2  | 22814 ||| Stepping randomly (stuck).
 22815 | Snake:2  | 22815 ||| Stepping randomly (stuck).
 22816 | Snake:2  | 22816 ||| Stepping randomly (stuck).
 22817 | Snake:2  | 22817 ||| Stepping randomly (stuck).
 22818 | Snake:2  | 22818 ||| Stepping randomly (stuck).
 22819 | Snake:2  | 22819 ||| Stepping randomly (stuck).
 22820 | Snake:2  | 22820 ||| Stepping randomly (stuck).
 22821 | Snake:2  | 22821 ||| Stepping randomly (stuck).
 22822 | Snake:2  | 22822 ||| Stepping randomly (stuck).
 22823 | Snake:2  | 22823 ||| Stepping randomly (stuck).
 22824 | Snake:2  | 22824 ||| Stepping randomly (stuck).
 22825 | Snake:2  | 22825 ||| Stepping randomly (stuck).
 22826 | Snake:2  | 22826 ||| Stepping randomly (stuck).
 22827 | Snake:2  | 22827 ||| Stepping randomly (stuck).
 22828 | Snake:2  | 22828 ||| Stepping randomly (stuck).
 22829 | Snake:2  | 22829 ||| Stepping randomly (stuck).
 22830 | Snake:2  | 22830 ||| Stepping randomly (stuck).
 22831 | Snake:2  | 22831 ||| Stepping randomly (stuck).
 22832 | Snake:2  | 22832 ||| Stepping randomly (stuck).
 22833 | Snake:2  | 22833 ||| Stepping randomly (stuck).
 22834 | Snake:2  | 22834 ||| Stepping randomly (stuck).
 22835 | Snake:2  | 22835 ||| Stepping randomly (stuck).
 22836 | Snake:2  | 22836 ||| Stepping randomly (stuck).
 22837 | Snake:2  | 22837 ||| Stepping randomly (stuck).
 22838 | Snake:2  | 22838 ||| Stepping randomly (stuck).
 22839 | Snake:2  | 22839 ||| Stepping randomly (stuck).
 22840 | Snake:2  | 22840 ||| Stepping randomly (stuck).
 22841 | Snake:2  | 22841 ||| Stepping randomly (stuck).
 22842 | Snake:2  | 22842 ||| Stepping randomly (stuck).
 22843 | Snake:2  | 22843 ||| Stepping randomly (stuck).
 22844 | Snake:2  | 22844 ||| Stepping randomly (stuck).
 22845 | Snake:2  | 22845 ||| Stepping randomly (stuck).
 22846 | Snake:2  | 22846 ||| Stepping randomly (stuck).
 22847 | Snake:2  | 22847 ||| Stepping randomly (stuck).
 22848 | Snake:2  | 22848 ||| Stepping randomly (stuck).
 22849 | Snake:2  | 22849 ||| Stepping randomly (stuck).
 22850 | Snake:2  | 22850 ||| Stepping randomly (stuck).
 22851 | Snake:2  | 22851 ||| Stepping randomly (stuck).
 22852 | Snake:2  | 22852 ||| READING 12 scrolls of teleportation.
 22867 | Snake:2  | 22867 ||| READING 11 scrolls of teleportation.
 22873 | Snake:2  | 22873 ||| READING 10 scrolls of teleportation.
 22876 | Snake:2  | Noticed a nagaraja
 22877 | Snake:2  | 22877 ||| Stepping ~*~*~tactically~*~*~ (hiding).
 22878 | Snake:2  | 22878 ||| Stepping ~*~*~tactically~*~*~ (hiding).
 22879 | Snake:2  | 22879 ||| INVOKING Heroism.
 22887 | Snake:2  | Killed a nagaraja
 22898 | Snake:2  | 22898 ||| READING 9 scrolls of teleportation.
 22905 | Snake:2  | Received a gift from Okawaru
 22905 | Snake:2  | Found the +8 frozen axe "Frostbite" {freeze, freezing
                  | cloud, *Noise Fly rC+}
 22909 | Snake:2  | 22909 ||| READING 8 scrolls of teleportation.
 22914 | Snake:2  | 22914 ||| READING 7 scrolls of teleportation.
 22917 | Snake:2  | 22917 ||| READING 6 scrolls of teleportation.
 22937 | Snake:2  | 22937 ||| READING 5 scrolls of teleportation.
 22941 | Snake:2  | 22941 ||| READING 4 scrolls of teleportation.
 22945 | Snake:2  | 22945 ||| READING 3 scrolls of teleportation.
 22950 | Snake:2  | 22950 ||| READING 2 scrolls of teleportation.
 22951 | Snake:2  | 22951 ||| Stepping randomly (stuck).
 22951 | Snake:2  | Found a flickering gateway to a bazaar.
 22952 | Snake:2  | 22952 ||| Stepping randomly (stuck).
 22953 | Snake:2  | 22953 ||| Stepping ~*~*~tactically~*~*~ (stealth).
 22963 | Snake:2  | 22963 ||| READING scroll of teleportation.
 22967 | Snake:2  | 22967 ||| Stepping randomly (stuck).
 22968 | Snake:2  | 22968 ||| Stepping randomly (stuck).
 22969 | Snake:2  | 22969 ||| Stepping randomly (stuck).
 22978 | Snake:2  | 22978 ||| Stepping randomly (stuck).
 22979 | Snake:2  | 22979 ||| Stepping randomly (stuck).
 22980 | Snake:2  | 22980 ||| Stepping randomly (stuck).
 22981 | Snake:2  | 22981 ||| Stepping randomly (stuck).
 22982 | Snake:2  | 22982 ||| Stepping randomly (stuck).
 22983 | Snake:2  | 22983 ||| Stepping randomly (stuck).
 22984 | Snake:2  | 22984 ||| Stepping randomly (stuck).
 22985 | Snake:2  | 22985 ||| Stepping randomly (stuck).
 22986 | Snake:2  | 22986 ||| Stepping randomly (stuck).
 22987 | Snake:2  | 22987 ||| Stepping randomly (stuck).
 22988 | Snake:2  | 22988 ||| Stepping randomly (stuck).
 22989 | Snake:2  | 22989 ||| Stepping randomly (stuck).
 22990 | Snake:2  | 22990 ||| INVOKING Heroism.
 23007 | Snake:2  | 23007 ||| Stepping randomly (stuck).
 23008 | Snake:2  | 23008 ||| Stepping randomly (stuck).
 23009 | Snake:2  | 23009 ||| Stepping randomly (stuck).
 23010 | Snake:2  | 23010 ||| Stepping randomly (stuck).
 23011 | Snake:2  | 23011 ||| Stepping randomly (stuck).
 23012 | Snake:2  | 23012 ||| Stepping randomly (stuck).
 23013 | Snake:2  | 23013 ||| Stepping randomly (stuck).
 23014 | Snake:2  | 23014 ||| Stepping randomly (stuck).
 23015 | Snake:2  | 23015 ||| Stepping randomly (stuck).
 23016 | Snake:2  | 23016 ||| Stepping randomly (stuck).
 23017 | Snake:2  | 23017 ||| Stepping randomly (stuck).
 23018 | Snake:2  | 23018 ||| Stepping randomly (stuck).
 23019 | Snake:2  | 23019 ||| Stepping randomly (stuck).
 23020 | Snake:2  | 23020 ||| Stepping randomly (stuck).
 23021 | Snake:2  | 23021 ||| Stepping randomly (stuck).
 23022 | Snake:2  | 23022 ||| Stepping randomly (stuck).
 23023 | Snake:2  | 23023 ||| Stepping randomly (stuck).
 23024 | Snake:2  | 23024 ||| Stepping randomly (stuck).
 23025 | Snake:2  | 23025 ||| Stepping randomly (stuck).
 23026 | Snake:2  | 23026 ||| Stepping randomly (stuck).
 23027 | Snake:2  | 23027 ||| Stepping randomly (stuck).
 23028 | Snake:2  | 23028 ||| Stepping randomly (stuck).
 23029 | Snake:2  | 23029 ||| Stepping randomly (stuck).
 23030 | Snake:2  | 23030 ||| Stepping randomly (stuck).
 23031 | Snake:2  | 23031 ||| Stepping randomly (stuck).
 23032 | Snake:2  | 23032 ||| Stepping randomly (stuck).
 23033 | Snake:2  | 23033 ||| Stepping randomly (stuck).
 23034 | Snake:2  | 23034 ||| Stepping randomly (stuck).
 23035 | Snake:2  | 23035 ||| Stepping randomly (stuck).
 23036 | Snake:2  | 23036 ||| Stepping randomly (stuck).
 23037 | Snake:2  | 23037 ||| Stepping randomly (stuck).
 23038 | Snake:2  | 23038 ||| Stepping randomly (stuck).
 23039 | Snake:2  | 23039 ||| Stepping randomly (stuck).
 23040 | Snake:2  | 23040 ||| Stepping randomly (stuck).
 23041 | Snake:2  | 23041 ||| Stepping randomly (stuck).
 23042 | Snake:2  | 23042 ||| Stepping randomly (stuck).
 23043 | Snake:2  | 23043 ||| Stepping randomly (stuck).
 23044 | Snake:2  | 23044 ||| Stepping randomly (stuck).
 23045 | Snake:2  | 23045 ||| Stepping randomly (stuck).
 23046 | Snake:2  | 23046 ||| Stepping randomly (stuck).
 23047 | Snake:2  | 23047 ||| Stepping randomly (stuck).
 23048 | Snake:2  | 23048 ||| Stepping randomly (stuck).
 23049 | Snake:2  | 23049 ||| Stepping randomly (stuck).
 23050 | Snake:2  | 23050 ||| Stepping randomly (stuck).
 23051 | Snake:2  | 23051 ||| Stepping randomly (stuck).
 23052 | Snake:2  | 23052 ||| Stepping randomly (stuck).
 23053 | Snake:2  | 23053 ||| Stepping randomly (stuck).
 23054 | Snake:2  | 23054 ||| Stepping randomly (stuck).
 23055 | Snake:2  | 23055 ||| Stepping randomly (stuck).
 23056 | Snake:2  | 23056 ||| Stepping randomly (stuck).
 23057 | Snake:2  | 23057 ||| Stepping randomly (stuck).
 23058 | Snake:2  | 23058 ||| Stepping randomly (stuck).
 23059 | Snake:2  | 23059 ||| Stepping randomly (stuck).
 23060 | Snake:2  | 23060 ||| Stepping randomly (stuck).
 23061 | Snake:2  | 23061 ||| Stepping randomly (stuck).
 23062 | Snake:2  | 23062 ||| Stepping randomly (stuck).
 23063 | Snake:2  | 23063 ||| Stepping randomly (stuck).
 23064 | Snake:2  | 23064 ||| Stepping randomly (stuck).
 23065 | Snake:2  | 23065 ||| Stepping randomly (stuck).
 23066 | Snake:2  | 23066 ||| Stepping randomly (stuck).
 23067 | Snake:2  | 23067 ||| Stepping randomly (stuck).
 23068 | Snake:2  | 23068 ||| Stepping randomly (stuck).
 23069 | Snake:2  | 23069 ||| Stepping randomly (stuck).
 23070 | Snake:2  | 23070 ||| Stepping randomly (stuck).
 23071 | Snake:2  | 23071 ||| Stepping randomly (stuck).
 23072 | Snake:2  | 23072 ||| Stepping randomly (stuck).
 23073 | Snake:2  | 23073 ||| Stepping randomly (stuck).
 23074 | Snake:2  | 23074 ||| Stepping randomly (stuck).
 23075 | Snake:2  | 23075 ||| Stepping randomly (stuck).
 23076 | Snake:2  | 23076 ||| Stepping randomly (stuck).
 23077 | Snake:2  | 23077 ||| Stepping randomly (stuck).
 23078 | Snake:2  | 23078 ||| Stepping randomly (stuck).
 23079 | Snake:2  | 23079 ||| Stepping randomly (stuck).
 23080 | Snake:2  | 23080 ||| Stepping randomly (stuck).
 23081 | Snake:2  | 23081 ||| Stepping randomly (stuck).
 23082 | Snake:2  | 23082 ||| Stepping randomly (stuck).
 23083 | Snake:2  | 23083 ||| Stepping randomly (stuck).
 23084 | Snake:2  | 23084 ||| Stepping randomly (stuck).
 23085 | Snake:2  | 23085 ||| Stepping randomly (stuck).
 23086 | Snake:2  | 23086 ||| Stepping randomly (stuck).
 23087 | Snake:2  | 23087 ||| Stepping randomly (stuck).
 23088 | Snake:2  | 23088 ||| Stepping randomly (stuck).
 23089 | Snake:2  | 23089 ||| Stepping randomly (stuck).
 23090 | Snake:2  | 23090 ||| Stepping randomly (stuck).
 23091 | Snake:2  | 23091 ||| Stepping randomly (stuck).
 23092 | Snake:2  | 23092 ||| Stepping randomly (stuck).
 23093 | Snake:2  | 23093 ||| Stepping randomly (stuck).
 23094 | Snake:2  | 23094 ||| Stepping randomly (stuck).
 23095 | Snake:2  | 23095 ||| Stepping randomly (stuck).
 23096 | Snake:2  | 23096 ||| Stepping randomly (stuck).
 23097 | Snake:2  | 23097 ||| Stepping randomly (stuck).
 23098 | Snake:2  | 23098 ||| Stepping randomly (stuck).
 23099 | Snake:2  | 23099 ||| Stepping randomly (stuck).
 23100 | Snake:2  | 23100 ||| Stepping randomly (stuck).
 23101 | Snake:2  | 23101 ||| Stepping randomly (stuck).
 23102 | Snake:2  | 23102 ||| Stepping randomly (stuck).
 23103 | Snake:2  | 23103 ||| Stepping randomly (stuck).
 23104 | Snake:2  | 23104 ||| Stepping randomly (stuck).
 23106 | Snake:2  | 23106 ||| Stepping randomly (stuck).
 23107 | Snake:2  | 23107 ||| Stepping randomly (stuck).
 23108 | Snake:2  | 23108 ||| Stepping randomly (stuck).
 23109 | Snake:2  | 23109 ||| Stepping randomly (stuck).
 23110 | Snake:2  | 23110 ||| Stepping randomly (stuck).
 23111 | Snake:2  | 23111 ||| Stepping randomly (stuck).
 23112 | Snake:2  | 23112 ||| Stepping randomly (stuck).
 23113 | Snake:2  | 23113 ||| Stepping randomly (stuck).
 23114 | Snake:2  | 23114 ||| Stepping randomly (stuck).
 23115 | Snake:2  | 23115 ||| Stepping randomly (stuck).
 23116 | Snake:2  | 23116 ||| Stepping randomly (stuck).
 23117 | Snake:2  | 23117 ||| Stepping randomly (stuck).
 23118 | Snake:2  | 23118 ||| Stepping randomly (stuck).
 23119 | Snake:2  | 23119 ||| Stepping randomly (stuck).
 23120 | Snake:2  | 23120 ||| Stepping randomly (stuck).
 23121 | Snake:2  | 23121 ||| Stepping randomly (stuck).
 23122 | Snake:2  | 23122 ||| Stepping randomly (stuck).
 23123 | Snake:2  | 23123 ||| Stepping randomly (stuck).
 23124 | Snake:2  | 23124 ||| Stepping randomly (stuck).
 23125 | Snake:2  | 23125 ||| Stepping randomly (stuck).
 23126 | Snake:2  | 23126 ||| Stepping randomly (stuck).
 23127 | Snake:2  | 23127 ||| Stepping randomly (stuck).
 23128 | Snake:2  | 23128 ||| Stepping randomly (stuck).
 23129 | Snake:2  | 23129 ||| Stepping randomly (stuck).
 23130 | Snake:2  | 23130 ||| Stepping randomly (stuck).
 23131 | Snake:2  | 23131 ||| Stepping randomly (stuck).
 23132 | Snake:2  | 23132 ||| Stepping randomly (stuck).
 23133 | Snake:2  | 23133 ||| Stepping randomly (stuck).
 23134 | Snake:2  | 23134 ||| Stepping randomly (stuck).
 23135 | Snake:2  | 23135 ||| Stepping randomly (stuck).
 23136 | Snake:2  | 23136 ||| Stepping randomly (stuck).
 23137 | Snake:2  | 23137 ||| Stepping randomly (stuck).
 23138 | Snake:2  | 23138 ||| Stepping randomly (stuck).
 23139 | Snake:2  | 23139 ||| Stepping randomly (stuck).
 23140 | Snake:2  | 23140 ||| Stepping randomly (stuck).
 23141 | Snake:2  | 23141 ||| Stepping randomly (stuck).
 23142 | Snake:2  | 23142 ||| Stepping randomly (stuck).
 23143 | Snake:2  | 23143 ||| Stepping randomly (stuck).
 23144 | Snake:2  | 23144 ||| Stepping randomly (stuck).
 23145 | Snake:2  | 23145 ||| Stepping randomly (stuck).
 23146 | Snake:2  | 23146 ||| Stepping randomly (stuck).
 23147 | Snake:2  | 23147 ||| Stepping randomly (stuck).
 23148 | Snake:2  | 23148 ||| Stepping randomly (stuck).
 23149 | Snake:2  | 23149 ||| Stepping randomly (stuck).
 23150 | Snake:2  | 23150 ||| Stepping randomly (stuck).
 23151 | Snake:2  | 23151 ||| Stepping randomly (stuck).
 23152 | Snake:2  | 23152 ||| Stepping randomly (stuck).
 23153 | Snake:2  | 23153 ||| Stepping randomly (stuck).
 23154 | Snake:2  | 23154 ||| Stepping randomly (stuck).
 23155 | Snake:2  | 23155 ||| Stepping randomly (stuck).
 23156 | Snake:2  | 23156 ||| Stepping randomly (stuck).
 23157 | Snake:2  | 23157 ||| Stepping randomly (stuck).
 23158 | Snake:2  | 23158 ||| Stepping randomly (stuck).
 23159 | Snake:2  | 23159 ||| Stepping randomly (stuck).
 23160 | Snake:2  | 23160 ||| Stepping randomly (stuck).
 23161 | Snake:2  | 23161 ||| Stepping randomly (stuck).
 23162 | Snake:2  | 23162 ||| Stepping randomly (stuck).
 23163 | Snake:2  | 23163 ||| Stepping randomly (stuck).
 23164 | Snake:2  | 23164 ||| Stepping randomly (stuck).
 23165 | Snake:2  | 23165 ||| Stepping randomly (stuck).
 23166 | Snake:2  | 23166 ||| Stepping randomly (stuck).
 23167 | Snake:2  | 23167 ||| Stepping randomly (stuck).
 23168 | Snake:2  | 23168 ||| Stepping randomly (stuck).
 23169 | Snake:2  | 23169 ||| Stepping randomly (stuck).
 23170 | Snake:2  | 23170 ||| Stepping randomly (stuck).
 23171 | Snake:2  | 23171 ||| Stepping randomly (stuck).
 23172 | Snake:2  | 23172 ||| Stepping randomly (stuck).
 23173 | Snake:2  | 23173 ||| Stepping randomly (stuck).
 23174 | Snake:2  | 23174 ||| Stepping randomly (stuck).
 23175 | Snake:2  | 23175 ||| Stepping randomly (stuck).
 23176 | Snake:2  | 23176 ||| Stepping randomly (stuck).
 23177 | Snake:2  | 23177 ||| Stepping randomly (stuck).
 23178 | Snake:2  | 23178 ||| Stepping randomly (stuck).
 23179 | Snake:2  | 23179 ||| Stepping randomly (stuck).
 23180 | Snake:2  | 23180 ||| Stepping randomly (stuck).
 23181 | Snake:2  | 23181 ||| Stepping randomly (stuck).
 23182 | Snake:2  | 23182 ||| Stepping randomly (stuck).
 23183 | Snake:2  | 23183 ||| Stepping randomly (stuck).
 23184 | Snake:2  | 23184 ||| Stepping randomly (stuck).
 23185 | Snake:2  | 23185 ||| Stepping randomly (stuck).
 23186 | Snake:2  | 23186 ||| Stepping randomly (stuck).
 23187 | Snake:2  | 23187 ||| Stepping randomly (stuck).
 23188 | Snake:2  | 23188 ||| Stepping randomly (stuck).
 23189 | Snake:2  | 23189 ||| Stepping randomly (stuck).
 23190 | Snake:2  | 23190 ||| Stepping randomly (stuck).
 23191 | Snake:2  | 23191 ||| Stepping randomly (stuck).
 23192 | Snake:2  | 23192 ||| Stepping randomly (stuck).
 23193 | Snake:2  | 23193 ||| Stepping randomly (stuck).
 23194 | Snake:2  | 23194 ||| Stepping randomly (stuck).
 23195 | Snake:2  | 23195 ||| Stepping randomly (stuck).
 23196 | Snake:2  | 23196 ||| Stepping randomly (stuck).
 23197 | Snake:2  | 23197 ||| Stepping randomly (stuck).
 23198 | Snake:2  | 23198 ||| Stepping randomly (stuck).
 23199 | Snake:2  | 23199 ||| Stepping randomly (stuck).
 23200 | Snake:2  | 23200 ||| Stepping randomly (stuck).
 23201 | Snake:2  | 23201 ||| Stepping randomly (stuck).
 23202 | Snake:2  | 23202 ||| Stepping randomly (stuck).
 23203 | Snake:2  | 23203 ||| Stepping randomly (stuck).
 23204 | Snake:2  | 23204 ||| Stepping randomly (stuck).
 23205 | Snake:2  | 23205 ||| Stepping randomly (stuck).
 23206 | Snake:2  | 23206 ||| Stepping randomly (stuck).
 23207 | Snake:2  | 23207 ||| Stepping randomly (stuck).
 23208 | Snake:2  | 23208 ||| Stepping randomly (stuck).
 23209 | Snake:2  | 23209 ||| Stepping randomly (stuck).
 23210 | Snake:2  | 23210 ||| Stepping randomly (stuck).
 23211 | Snake:2  | 23211 ||| Stepping randomly (stuck).
 23212 | Snake:2  | 23212 ||| Stepping randomly (stuck).
 23213 | Snake:2  | 23213 ||| Stepping randomly (stuck).
 23214 | Snake:2  | 23214 ||| Stepping randomly (stuck).
 23215 | Snake:2  | 23215 ||| Stepping randomly (stuck).
 23216 | Snake:2  | 23216 ||| Stepping randomly (stuck).
 23217 | Snake:2  | 23217 ||| Stepping randomly (stuck).
 23218 | Snake:2  | 23218 ||| Stepping randomly (stuck).
 23219 | Snake:2  | 23219 ||| Stepping randomly (stuck).
 23220 | Snake:2  | 23220 ||| Stepping randomly (stuck).
 23225 | Snake:2  | Reached XP level 17. HP: 108/108 MP: 24/24
 23225 | Snake:2  | 23225 ||| Stepping randomly (stuck).
 23226 | Snake:2  | 23226 ||| Stepping randomly (stuck).
 23227 | Snake:2  | 23227 ||| Stepping randomly (stuck).
 23228 | Snake:2  | 23228 ||| Stepping randomly (stuck).
 23229 | Snake:2  | 23229 ||| Stepping randomly (stuck).
 23230 | Snake:2  | 23230 ||| Stepping randomly (stuck).
 23231 | Snake:2  | 23231 ||| Stepping randomly (stuck).
 23232 | Snake:2  | 23232 ||| Stepping randomly (stuck).
 23233 | Snake:2  | 23233 ||| Stepping randomly (stuck).
 23234 | Snake:2  | 23234 ||| Stepping randomly (stuck).
 23235 | Snake:2  | 23235 ||| Stepping randomly (stuck).
 23236 | Snake:2  | 23236 ||| Stepping randomly (stuck).
 23237 | Snake:2  | 23237 ||| Stepping randomly (stuck).
 23238 | Snake:2  | 23238 ||| Stepping randomly (stuck).
 23239 | Snake:2  | 23239 ||| Stepping randomly (stuck).
 23240 | Snake:2  | 23240 ||| Stepping randomly (stuck).
 23241 | Snake:2  | 23241 ||| Stepping randomly (stuck).
 23242 | Snake:2  | 23242 ||| Stepping randomly (stuck).
 23243 | Snake:2  | 23243 ||| Stepping randomly (stuck).
 23244 | Snake:2  | 23244 ||| Stepping randomly (stuck).
 23245 | Snake:2  | 23245 ||| Stepping randomly (stuck).
 23246 | Snake:2  | 23246 ||| Stepping randomly (stuck).
 23247 | Snake:2  | 23247 ||| Stepping randomly (stuck).
 23248 | Snake:2  | 23248 ||| Stepping randomly (stuck).
 23249 | Snake:2  | 23249 ||| Stepping randomly (stuck).
 23250 | Snake:2  | 23250 ||| Stepping randomly (stuck).
 23251 | Snake:2  | 23251 ||| Stepping randomly (stuck).
 23252 | Snake:2  | 23252 ||| Stepping randomly (stuck).
 23253 | Snake:2  | 23253 ||| Stepping randomly (stuck).
 23254 | Snake:2  | 23254 ||| Stepping randomly (stuck).
 23255 | Snake:2  | 23255 ||| Stepping randomly (stuck).
 23256 | Snake:2  | 23256 ||| Stepping randomly (stuck).
 23257 | Snake:2  | 23257 ||| Stepping randomly (stuck).
 23258 | Snake:2  | 23258 ||| INVOKING Heroism.
 23270 | Snake:2  | Reached skill level 15 in Shields
 23292 | Snake:2  | Slain by a naga warrior

Levels and vault maps discovered:
D:1:      doesnt_arrival_eight_statues, layout_basic,
          chequers_ecumenical_altar_simple_redux
D:2:      layout_rooms, serial_corexii_hall, corexii_hall_statues_l,
          chequers_hall_statues_wall_a, nicolae_titane, uniq_terence
D:3:      layout_rooms, nzn_wu_jian_council_hall, fedhas_altar_2,
          guppyfry_early_lair_pool
D:4:      wander_river, layout_cave_pools, mainiacjoe_overflow_small_starburst,
          minmay_hedge_maze, chequers_serial_rivers_small_b,
          nicolae_shop_firing_range
D:5:      layout_loops_corners, mainiacjoe_overflow_24_doors,
          minmay_temple_entry_wispy, chequers_decorated_corner,
          chequers_serial_rivers_micro_c, uniq_duvessa, uniq_ijyb
D:6:      layout_cave_pools, zin_treasury, kennysheep_small_square,
          uniq_prince_ribbit1
D:7:      layout_loops_ring, jmf_multi_god_temple
D:8:      layout_loops_ring, kennysheep_mini_moat, minmay_lair_entry_grove,
          ebering_ghost_funeral_grove, hangedman_abyss_or_decor_stagger,
          serial_bayou_pond_e
D:9:      layout_basic
D:10:     layout_stronghold, serial_shops, nicolae_take_the_stairs
D:11:     minmay_the_grid_triangle_9x9_recursive_2
          [minmay_the_grid_triangle_9x9_prize_top_heavy,
          minmay_the_grid_triangle_9x9_pentomino_pain,
          minmay_the_grid_triangle_9x9_windchime,
          minmay_the_grid_triangle_9x9_tough_junction], layout_layer_cave,
          zombieorc2_lemuel, serial_shops, nicolae_shop_statue_plus,
          kennysheep_generic_room_4
D:12:     layout_gridville
D:13:     layout_cave_pools, skrybe_vaults_entry_preservation
D:14:     layout_layer_cave, good_gods_mini_temple,
          chequers_serial_rivers_micro_e, uniq_agnes, uniq_jorgrun, uniq_lodul
D:15:     grunt_enter_depths_giant_problem, layout_cave_pods,
          serial_column_ruins, column_ruins_columns_straight,
          column_ruins_open_small, column_ruins_columns_straight,
          column_ruins_grid_1, column_ruins_grid_3, grunt_ministairs_11
Temple:   zaba_magenta_temple
Lair:1:   layout_concentric_octagons, grunt_forest_small_clearing_treed
Lair:2:   layout_long_grid, guppyfry_snake_entry_island, worms_lemuel,
          grunt_megastairs_1
Lair:3:   cheibrodos_lair_river_kwai, layout_loops_ring,
          skrybe_swamp_entry_bodies, lemuel_fruit_tree, serial_bayou_shore_b,
          grunt_megastairs_2
Lair:4:   layout_long_grid, slime_entry_1, lightli_volcano_entry_magma_tube
Lair:5:   evil_forest, layout_gridlike
Snake:1:  kennysheep_snake, layout_rooms, basic_altar, serial_shops, statue_bzr,
          st_stairs_14, drop_trap, uniq_aizul
Snake:2:  nicolae_cobra_stairs, layout_misc_corridors, serial_shops,
          bzr_firewalk, drop_trap
Orc:1:    layout_caves, serial_shops, shop_fountains, uniq_maurice
Orc:2:    grunt_orc_tribal_feast, layout_caves, basic_altar

Skill      XL: |  1  2  3  4  5  6  7  8  9 10 11 12 13 14 15 16 17 |
---------------+----------------------------------------------------+-----
Axes           | 2 3 4 5 6 7 8 10 11 12 14 15 17 | 17.0
Fighting       | 4 5 7 8 9 10 11 12 13 | 13.0
Throwing       | 1 2 3 4 5 6 7 |  7.2
Dodging        | 1 2 3 |  3.0
Invocations    | 3 4 5 9 10 | 10.0
Armour         | 4 5 9 11 12 | 12.9
Shields        | 4 5 6 7 8 14 15 | 15.4

Action                     |  1- 3 |  4- 6 |  7- 9 | 10-12 | 13-15 | 16-18 || total
---------------------------+-------+-------+-------+-------+-------+-------++-------
  Melee: War axe           |    90 |   125 |   158 |   236 |    59 |       ||   668
         Broad axe         |       |       |       |    35 |   870 |   562 ||  1467
  Throw: Boomerang         |       |    50 |    28 |    61 |    78 |    14 ||   231
         Javelin           |       |     5 |    43 |    89 |   137 |    20 ||   294
 Invoke: Heroism           |       |       |     5 |    15 |    30 |    15 ||    65
         Finesse           |       |       |       |     1 |     8 |       ||     9
    Use: Scroll            |       |    13 |    11 |     5 |    11 |    15 ||    55
         Potion            |       |     2 |     2 |       |     2 |     1 ||     7
 Armour: Scale mail        |    50 |    60 |       |       |       |       ||   110
         Chain mail        |       |    30 |    61 |       |       |       ||    91
         Ring mail         |       |       |    12 |    64 |       |       ||    76
         Plate armour      |       |       |       |    33 |   439 |   209 ||   681
  Dodge: Dodged            |    42 |    65 |    65 |   146 |   526 |   327 ||  1171
  Block: Buckler           |    16 |    29 |    24 |    43 |   196 |       ||   308
         Tower shield      |       |       |       |       |       |   572 ||   572

Table legend:
 A = Non-vault XP
 B = Vault XP
 C = Vault XP percentage of total XP
 D = Non-vault monster count
 E = Vault monster count
 F = Vault count percentage of total count
                 A         B        C        D         E       F
            +---------+---------+-------+---------+---------+-------
      Total |  109495 |   80786 |  42.5 |     537 |     234 |  30.4
            +---------+---------+-------+---------+---------+-------
        D:1 |      65 |       0 |   0.0 |      32 |       0 |   0.0
        D:2 |     104 |      36 |  25.7 |      11 |       1 |   8.3
        D:3 |     149 |       0 |   0.0 |      25 |       0 |   0.0
        D:4 |     352 |       6 |   1.7 |      22 |       3 |  12.0
        D:5 |     973 |     247 |  20.2 |      13 |       3 |  18.8
        D:6 |     657 |     561 |  46.1 |      17 |       4 |  19.0
        D:7 |     933 |     147 |  13.6 |      26 |       2 |   7.1
        D:8 |    1225 |    2102 |  63.2 |      25 |      12 |  32.4
        D:9 |    4390 |       0 |   0.0 |      33 |       0 |   0.0
       D:10 |    1730 |       0 |   0.0 |      14 |       0 |   0.0
       D:11 |    4220 |    8154 |  65.9 |      10 |      51 |  83.6
       D:12 |    7162 |       0 |   0.0 |      27 |       0 |   0.0
       D:13 |    6936 |    4973 |  41.8 |      19 |       9 |  32.1
       D:14 |    6470 |    5006 |  43.6 |      16 |      12 |  42.9
       D:15 |   11526 |    6678 |  36.7 |      33 |       8 |  19.5
     Lair:1 |    7101 |       0 |   0.0 |      34 |       0 |   0.0
     Lair:2 |    5695 |    1780 |  23.8 |      22 |      10 |  31.2
     Lair:3 |    2905 |    4393 |  60.2 |       8 |      14 |  63.6
     Lair:4 |    2011 |       0 |   0.0 |       6 |       0 |   0.0
     Lair:5 |   18062 |   10069 |  35.8 |      52 |      26 |  33.3
    Snake:1 |    9734 |   21619 |  69.0 |      20 |      37 |  64.9
    Snake:2 |   11907 |    6783 |  36.3 |      22 |      11 |  33.3
      Orc:1 |    2104 |     496 |  19.1 |      22 |       1 |   4.3
      Orc:2 |    3084 |    7736 |  71.5 |      28 |      30 |  51.7
            +---------+---------+-------+---------+---------+-------
